 Dungeon Crawl Stone Soup version 0.31-a0-920-g28cbb04a8c (webtiles) character file.

Game seed: 14028072527554717747

9526248 Kurtz the Naga Barricade (level 27, 298/298 HPs)
             Began as a Naga Delver on Oct 16, 2023.
             Was the Champion of Makhleb.
             Escaped with the Orb
             ... and 15 runes on Oct 18, 2023!
             The game lasted 06:45:44 (184642 turns).

Kurtz the Naga Barricade (Naga Delver)            Turns: 184642, Time: 06:45:44

Health: 298/298    AC: 67    Str: 34    XL:     27
Magic:  54/54      EV: 20    Int: 14    God:    Makhleb [******]
Gold:   11414      SH: 32    Dex: 23    Spells: 63/80 levels left

rFire   + + .        M - +9 broad axe (flame)
rCold   + + +        r - +5 tower shield of Fiecobb {Drain Regen+ Dex+4}
rNeg    + + +        K - +9 scales of the Dragon King {rPois rF+ rC+ Will+}
rPois   ∞            b - +2 hat {Stlth+}
rElec   +            B - +2 cloak {rCorr}
rCorr   +            F - +5 pair of gloves "Nioky" {rElec rN+ Int-2}
SInv    +            R - +6 lightning scales {swift, rElec}
Will    +++++        H - amulet of Vitality {RegenMP++ Regen++}
Stlth   ++           o - ring "Neizos" {rC+ rN+++ Str+6 Int+2 Stlth+}
HPRegen 3.09/turn    P - ring of Wanow {rF+ Str+6 Int+3}
MPRegen 1.14/turn

%: no passive effects
@: death-form, studying 4 skills, slow
A: vile attack, torment immunity, no potions, AC +9, large, see invisible,
deformed body, poison resistance, slowness 2, spit poison 1, naga tail 2, horns
1
0: Orb of Zot
}: 15/15 runes: serpentine, barnacled, slimy, silver, golden, iron, obsidian,
icy, bone, abyssal, demonic, glowing, magical, fiery, dark
a: Spit Poison, Siphon Essence, Begin Untransformation, Renounce Religion, Minor
Destruction, Lesser Servant of Makhleb, Major Destruction, Greater Servant of
Makhleb


You escaped.
You worshipped Makhleb.
Makhleb was exalted by your worship.
You were an undying horror.
You visited 18 branches of the dungeon, and saw 88 of its levels.
You visited Pandemonium 7 times, and saw 18 of its levels.
You visited the Abyss 135 times.
You completed 1 ziggurat, and saw 27 of its levels.
You also visited: Ice Cave and Desolation.

You collected 20570 gold pieces.
You spent 9156 gold pieces at shops.

Inventory:

Hand Weapons
 M - a +9 broad axe of flaming (weapon)
Missiles
 k - 44 curare-tipped darts
 m - 7 throwing nets
Armour
 b - a +2 hat of stealth (worn)
 f - the +2 cloak of the Morning {Regen+}
   (You found it on level 5 of the Vaults)

   Regen+:    It increases your rate of health regeneration.
 r - the +5 tower shield of Fiecobb (worn) {Drain Regen+ Dex+4}
   (You took it off a daeva on level 4 of the Abyss)

   Dex+4:     It affects your dexterity (+4).
   Regen+:    It increases your rate of health regeneration.
   Drain:     It drains your maximum health when unequipped.
 B - a +2 cloak of preservation (worn)
 F - the +5 pair of gloves "Nioky" (worn) {rElec rN+ Int-2}
   (You found it on level 5 of the Pits of Slime)

   Int-2:     It affects your intelligence (-2).
   rElec:     It insulates you from electricity.
   rN+:       It protects you from negative energy.
 K - the +9 scales of the Dragon King (worn) {rPois rF+ rC+ Will+}
   (You bought it in a shop on level 7 of the Dungeon)

   rF+:       It protects you from fire.
   rC+:       It protects you from cold.
   rPois:     It protects you from poison Will+: It increases your willpower.
 R - the +6 lightning scales (worn) {swift, rElec}
   (Okawaru gifted it to you on level 1 of the Snake Pit)

   Swift:     It allows the wearer to cover ground more swiftly.
   rElec:     It insulates you from electricity.
 T - a +10 crystal plate armour of cold resistance
Jewellery
 n - the amulet "Egeall" {Reflect Int+3 Dex-2 Slay+6 SH+5 Stlth-}
   (You acquired it in Pandemonium)

   [amulet of reflection]

   Reflect:   It reflects blocked missile attacks.
   Int+3:     It affects your intelligence (+3).
   Dex-2:     It affects your dexterity (-2).
   Slay+6:    It affects your accuracy & damage with ranged weapons and melee
   (+6).
   SH+5:      It affects your SH (+5).
   Stlth-:    It makes you less stealthy.
 o - the ring "Neizos" (left hand) {rC+ rN+++ Str+6 Int+2 Stlth+}
   (You found it on level 7 of the Iron City of Dis)

   [ring of strength]

   Str+6:     It affects your strength (+6).
   Int+2:     It affects your intelligence (+2).
   rC+:       It protects you from cold.
   rN+++:     It renders you almost immune to negative energy.
   Stlth+:    It makes you more stealthy.
 E - the amulet of Seiguta {Acrobat Fly rN++ Regen+ Int+2}
   (You found it on level 24 of a ziggurat)

   [amulet of the acrobat]

   Acrobat:   It increases your evasion while moving and waiting.
   Int+2:     It affects your intelligence (+2).
   rN++:      It greatly protects you from negative energy.
   Fly:       It grants you flight.
   Regen+:    It increases your rate of health regeneration.
 H - the amulet of Vitality (around neck) {RegenMP++ Regen++}
   (You took it off Ereshkigal on level 7 of Tartarus)

   [amulet of magic regeneration]

   RegenMP:   It increases your rate of magic regeneration.
   Regen++:   It increases your rate of health regeneration.
 L - the ring of the Shrinking Madman {Fire Drain Will+ Dex+8}
   (You found it on level 5 of the Pits of Slime)

   [ring of fire]

   Fire:      It enhances your fire magic.
   Dex+8:     It affects your dexterity (+8).
   rF+:       It protects you from fire.
   rC-:       It makes you vulnerable to cold.
   Will+:     It increases your willpower.
   Drain:     It drains your maximum health when unequipped.
 O - the ring "Meros" {Fly rC+ Int+3 Slay+3}
   (You found it on level 4 of a ziggurat)

   [ring of flight]

   Int+3:     It affects your intelligence (+3).
   Slay+3:    It affects your accuracy & damage with ranged weapons and melee
   (+3).
   rC+:       It protects you from cold.
   Fly:       It grants you flight.
 P - the ring of Wanow (right hand) {rF+ Str+6 Int+3}
   (You found it on level 20 of a ziggurat)

   [ring of strength]

   Str+6:     It affects your strength (+6).
   Int+3:     It affects your intelligence (+3).
   rF+:       It protects you from fire.
 V - the ring of Pipruqyw {rElec Will+ MP+9 Str+2}
   (You found it on level 9 of a ziggurat)

   [ring of magical power]

   Str+2:     It affects your strength (+2).
   rElec:     It insulates you from electricity.
   Will+:     It increases your willpower.
   MP+9:      It affects your magic capacity (+9).
Talismans
 a - a granite talisman
 i - a talisman of death (active)
Wands
 g - a wand of digging (20)
 j - a wand of acid (113)
 w - a wand of flame (110)
 C - a wand of mindburst (85)
 I - a wand of iceblast (127)
 Y - a wand of charming (21)
Scrolls
 c - 28 scrolls of fog
 d - 19 scrolls of revelation
 e - 7 scrolls of fear
 q - 2 scrolls of butterflies
 s - 8 scrolls of silence
 y - 40 scrolls of teleportation
 D - 10 scrolls of vulnerability
 G - 10 scrolls of poison
 N - 5 scrolls of immolation
 Q - 19 scrolls of blinking
 U - 2 scrolls of noise
 X - 6 scrolls of torment
Potions
 h - 8 potions of brilliance
 l - 41 potions of curing
 p - 7 potions of haste
 t - 13 potions of magic
 u - 15 potions of cancellation
 v - 13 potions of might
 x - 18 potions of enlightenment
 z - 29 potions of heal wounds
 A - 4 potions of resistance
 J - 4 potions of invisibility
 W - 2 potions of berserk rage
 Z - 26 potions of mutation
Miscellaneous
 S - a +1 figurine of a ziggurat (quivered)


   Skills:
 O Level 27 Fighting
 - Level 18.0 Axes
 O Level 27 Armour
 O Level 27 Dodging
 O Level 27 Stealth
 O Level 27 Shields
 O Level 27 Spellcasting
 O Level 27 Fire Magic
 O Level 27 Ice Magic
 O Level 27 Invocations
 * Level 21.0 Evocations
 O Level 27 Shapeshifting


You had 63 spell levels left.
You knew the following spells:

 Your Spells              Type           Power      Damage    Failure   Level
a - Ignition              Fire           38%        3d11      1%          8
b - Polar Vortex          Ice            38%        12d5*     12%         9

Your spell library contained the following spells:

 Spells                   Type           Power      Damage    Failure   Level
 Freeze                   Ice            100%       1d10      0%          1
 Scorch                   Fire           100%       2d9       0%          2
 Frozen Ramparts          Ice            100%       1d16      0%          3
 Ozocubu's Armour         Ice            76%        N/A       0%          3
 Foxfire                  Conj/Fire      100%       2x1d9     1%          1
 Ensorcelled Hibernation  Hex/Ice        100%       N/A       1%          2
 Hailstorm                Conj/Ice       54%        3d12      1%          3
 Ignite Poison            Fire/Tmut/Pois 44%        N/A       1%          3
 Inner Flame              Hex/Fire       54%        N/A       1%          3
 Volatile Blastmotes      Fire/Tloc      100%       2d18      1%          3
 Flame Wave               Conj/Fire      54%        2d13      1%          4
 Sticky Flame             Conj/Fire      54%        2d7       1%          4
 Summon Ice Beast         Ice/Summ       54%        N/A       1%          4
 Fireball                 Conj/Fire      27%        3d12      1%          5
 Metabolic Englaciation   Hex/Ice        27%        N/A       1%          5
 Ozocubu's Refrigeration  Ice            38%        4d15      1%          7
 Plasma Beam              Fire/Air       27%        2x1d39    4%          6
 Simulacrum               Ice/Necr       27%        N/A       4%          6
 Starburst                Conj/Fire      27%        6d9       4%          6
 Freezing Cloud           Conj/Ice/Air   22%        6-21      5%          5
 Apportation              Tloc           36%        N/A       8%          1
 Kiss of Death            Conj/Necr      72%        2d10      8%          1
 Magic Dart               Conj           72%        1d6       8%          1
 Necrotise                Necr           72%        1d7       8%          1
 Sandblast                Erth           36%        2d10      8%          1
 Shock                    Conj/Air       72%        1d7       8%          1
 Slow                     Hex            72%        N/A       8%          1
 Sting                    Tmut/Pois      72%        1d6       8%          1
 Summon Small Mammal      Summ           72%        N/A       8%          1
 Blink                    Tloc           36%        N/A       12%         2
 Call Imp                 Summ           36%        N/A       12%         2
 Cigotuvi's Dreadful Rot  Necr/Pois/Air  36%        N/A       12%         2
 Jinxbite                 Hex            36%        N/A       12%         2
 Lesser Beckoning         Tloc           36%        N/A       12%         2
 Momentum Strike          Conj/Tloc      36%        3d9       12%         2
 Passwall                 Tmut/Erth      15%        N/A       12%         2
 Poisonous Vapours        Pois/Air       36%        N/A       12%         2
 Static Discharge         Conj/Air       36%        2-4/arc   12%         2
 Sublimation of Blood     Necr           18%        N/A       12%         2
 Wereblood                Tmut           18%        N/A       12%         2
 Call Canine Familiar     Summ           18%        N/A       24%         3
 Confusing Touch          Hex            18%        N/A       24%         3
 Dazzling Flash           Conj/Hex       36%        N/A       24%         3
 Gell's Gravitas          Tloc           18%        N/A       24%         3
 Mephitic Cloud           Conj/Pois/Air  18%        N/A       24%         3
 Sigil of Binding         Hex            18%        N/A       24%         3
 Stone Arrow              Conj/Erth      36%        3d9       24%         3
 Summon Guardian Golem    Hex/Summ       18%        N/A       24%         3
 Swiftness                Air            18%        N/A       24%         3
 Teleport Other           Tloc           18%        N/A       24%         3
 Tukima's Dance           Hex            18%        N/A       24%         3
 Vampiric Draining        Necr           18%        2d7       24%         3
 Airstrike                Air            9%         2d(2-18)  61%         4
 Anguish                  Hex/Necr       9%         N/A       61%         4
 Animate Armour           Summ/Erth      36%        N/A       61%         4
 Animate Dead             Necr           18%        N/A       61%         4
 Brom's Barrelling Bould  Conj/Erth      18%        2d4       61%         4
 Cause Fear               Hex            9%         N/A       61%         4
 Dimensional Bullseye     Hex/Tloc       9%         N/A       61%         4
 Dispel Undead            Necr           18%        3d11      61%         4
 Fulminant Prism          Conj/Hex       9%         3d7       61%         4
 Iskenderun's Mystic Bla  Conj/Tloc      18%        2d6       61%         4
 Leda's Liquefaction      Hex/Erth       9%         N/A       61%         4
 Manifold Assault         Tloc           18%        N/A       61%         4
 Olgreb's Toxic Radiance  Pois           18%        N/A       61%         4
 Passage of Golubria      Tloc           18%        N/A       61%         4
 Petrify                  Tmut/Erth      18%        N/A       61%         4
 Summon Lightning Spire   Summ/Air       18%        N/A       61%         4
 Vhi's Electric Charge    Tloc/Air       36%        N/A       61%         4
 Agony                    Necr           18%        N/A       91%         5
 Alistair's Intoxication  Tmut/Pois      12%        N/A       91%         5
 Arcjolt                  Conj/Air       9%         1d19      91%         5
 Borgnjor's Vile Clutch   Necr/Erth      9%         N/A       91%         5
 Irradiate                Conj/Tmut      9%         3d14      91%         5
 Iskenderun's Battlesphe  Conj           18%        2d7       91%         5
 Lee's Rapid Deconstruct  Erth           9%         3d7*      91%         5
 Summon Forest            Summ/Tloc      9%         N/A       91%         5
 Summon Mana Viper        Hex/Summ       18%        N/A       91%         5
 Yara's Violent Unravell  Hex/Tmut       9%         3d6       91%         5
 Bombard                  Conj/Erth      9%         9d2       100%        6
 Conjure Ball Lightning   Conj/Air       9%         3x3d6     100%        6
 Death Channel            Necr           9%         N/A       100%        6
 Dispersal                Tloc           9%         N/A       100%        6
 Eringya's Noxious Bog    Tmut/Pois      9%         4d6       100%        6
 Summon Cactus Giant      Summ           9%         N/A       100%        6
 Enfeeble                 Hex            9%         N/A       100%        7
 Haunt                    Necr/Summ      9%         N/A       100%        7
 Orb of Destruction       Conj           9%         9d6       100%        7
 Spellforged Servitor     Conj/Summ      9%         N/A       100%        7
 Summon Hydra             Summ           9%         N/A       100%        7
 Borgnjor's Revivificati  Necr           9%         N/A       100%        8
 Discord                  Hex            9%         N/A       100%        8
 Disjunction              Tloc           9%         N/A       100%        8
 Infestation              Necr           9%         N/A       100%        8
 Lehudib's Crystal Spear  Conj/Erth      9%         10d4      100%        8
 Maxwell's Capacitive Co  Air            9%         ∞         100%        8
 Chain Lightning          Conj/Air       9%         3d12      100%        9
 Death's Door             Necr           9%         N/A       100%        9
 Dragon's Call            Summ           9%         N/A       100%        9
 Fire Storm               Conj/Fire      27%        8d7       100%        9
 Shatter                  Erth           9%         3d11*     100%        9


Dungeon Overview and Level Annotations

Branches:
Dungeon (15/15)            Temple (1/1) D:6            Lair (5/5) D:9
 Shoals (4/4) Lair:2        Snake (4/4) Lair:3        Slime (5/5) Lair:5
    Orc (2/2) D:9             Elf (3/3) Orc:2        Vaults (5/5) D:14
  Crypt (3/3) Vaults:3       Tomb (3/3) Crypt:3      Depths (4/4) D:15
   Hell (visited)             Dis (7/7) Hell            Geh (7/7) Hell
    Coc (7/7) Hell            Tar (7/7) Hell            Zot (5/5) Depths:4
  IceCv (visited)         Desolation (visited)

Altars:
Ashenzari
Cheibriados
Dithmenos
Elyvilon
Fedhas
Gozag
Hepliaklqana
Kikubaaqudgha
Makhleb
Nemelex Xobeh
Okawaru
Qazlal
Ru
Sif Muna
Trog
Uskayaw
Vehumet
Wu Jian
Xom
Yredelemnul
Zin
The Shining One
Jiyva

Shops:
D:7 **:[   D:13 !   Orc:2 [(*!!   Elf:3 [   Shoals:2 (   Snake:3 [   Snake:4 !
Vaults:4 (   Depths:1 [[   Depths:2 :==   Depths:3 :

Portals:
Hell: Depths:1 Depths:2 Depths:3 Depths:4
Abyss: Depths:2 Depths:3 Depths:4
Pandemonium: Depths:2 Depths:3
Ziggurat: Tomb:2
Trove: Depths:2 (give 9 potions of haste)

Annotations:
D:8 exclusion: downstairs
Shoals:1 Roxanne
Slime:4 exclusion: downstairs
Zot:1 2 transporters, Qephaces's ghost, veteran GnGl
Zot:5 1 exclusion


Innate Abilities, Weirdness & Mutations

You are an undying horror.
Your melee and unarmed attacks drain, slow and weaken victims.
You are immune to unholy pain and torment.
You cannot drink.
Your serpentine skin is tough. (AC +9)
You have supernaturally acute eyesight. (SInv)
Armour fits poorly on your strangely shaped body.
Your system is resistant to poisons. (rPois)
You cover ground very slowly.
You can spit poison.
You can use your snake-like lower body to constrict enemies.
You have a pair of small horns on your head.


Message History

You completely miss Raluv. Your grab misses Raluv. Your headbutt misses Raluv.
Raluv is heavily wounded.
You hit the lorocyproca.
The lorocyproca decays.
You grab the lorocyproca. You headbutt the lorocyproca!
The lorocyproca is moderately wounded.
You lose your grip on something.
You slash the lorocyproca!
The lorocyproca decays.
Your grab misses the lorocyproca. Your headbutt misses the lorocyproca.
The lorocyproca is severely wounded.
You kill the soul eater!
Makhleb accepts your kill. The lorocyproca misses you.
You barely miss the lorocyproca. You grab the lorocyproca.
The lorocyproca is severely wounded.
You lose your grip on something.
You slice the lorocyproca!! You burn the lorocyproca.
You kill the lorocyproca!
The lorocyproca disappears in a puff of smoke!
The winds around you start to calm down.
You float gracefully downwards.
Raluv gestures at you. The iron shot hits you!!
You slice Raluv!!
Raluv decays.
You burn Raluv. Your grab misses Raluv. Your headbutt misses Raluv.
Raluv is severely wounded.
You are engulfed in whirling frost.
Raluv gestures.
You miss Raluv. Your grab misses Raluv.
Raluv is severely wounded.
You slice Raluv!!
Raluv decays.
You burn Raluv!
You kill Raluv!
Makhleb accepts your kill.
You feel better.
The shadow demon disappears in a puff of smoke!
Your Evocations skill increases to level 21!
The winds around you calm down.
You open the door.
There is an open door here.
There is a staircase leading out of the dungeon here.
You have escaped!

....#####.......####....######...
...........##...###.....##.......
.....###...##....#..###...####...
......##..###.[.....# ##..## #.>.
.....####..###...#.## #...# ##.#
.##.## #### ###..## #...####.#
###.# ### #...# ###.#...##.. #.#
##.####...####...###.####
##'#####...#.#.z..#....## #.#
##...##............#..### #.#
#.....#.##.###.#.....## ##.#
........##########..## ##..# #
........###....#.#..######...####
........+.......................+
........###......##.#####....####
.......## #.........# #.#.## #
#.....## #####.##### #.###


There were no monsters in sight!

Vanquished Creatures
  Cerebov (Pan)
  Antaeus (Coc:7)
  the Royal Jelly (Slime:5)
  Ereshkigal (Tar:7)
  the Serpent of Hell (Coc:7)
  Gloorx Vloq (Pan)
  Lom Lobon (Pan)
  2 seraphim
  Mnoleg (Pan)
  Dispater (Dis:7)
  24 dread liches
  16 ancient liches
  Khufu (Tomb:3)
  Mennas (Pan)
  3 orbs of fire
  2 juggernauts
  The ghost of Giurur the Slayer, a veteran OgBe of Trog (Zot:2)
  42 royal mummies
  Sojobo (D:15)
  10 Killer Klowns
  21 shard shrikes
  Bai Suzhen (Snake:4)
  Geryon (Hell)
  Vashnia (Snake:2)
  A curse toe (Zot:5)
  28 caustic shrikes
  33 pandemonium lords
  Nikola (Depths:2)
  28 profane servitors
  20 golden dragons
  56 bone dragons
  3 pearl dragons
  15 Brimstone Fiends
  8 doom hounds
  10 electric golems
  5 spectral shard shrikes
  24 hellephants
  30 Hell Sentinels
  6 iron giants
  16 Tzitzimimeh
  35 tentacled monstrosities
  3 walking crystal tomes
  A shard shrike skeleton (Crypt:1)
  29 Ice Fiends
  6 deep elf blademasters
  26 tainted leviathans
  19 Orb Guardians
  24 searing wretches
  43 liches
  2 walking frostbound tomes (Abyss:5)
  Mlioglotl (Snake:1)
  35 acid blobs
  3 quicksilver dragons
  14 deep elf master archers
  47 ancient champions
  28 titans
  The ghost of Caumakya the Peltast, an adept MiFi of Okawaru (Snake:3)
  The ghost of Lecvoy the Warrior, an adept OgSh of Gozag (Snake:3)
  Agnes (Snake:4)
  Polyphemus (Shoals:4)
  7 sphinxes
  164 tentacled starspawn
  An eldritch tentacle (Tomb:3)
  A shadow dragon (shapeshifter) (Zig:27)
  5 death cobs
  2 krakens
  37 Executioners
  18 storm dragons
  An azure jelly (shapeshifter) (Zig:27)
  28 daevas
  13 nagarajas
  10 tengu reavers
  12 demonspawn warmongers (Pan)
  16 azure jellies
  Donald (Shoals:4)
  15 revenants
  11 draconian knights
  4 shadow dragons
  24 rockslimes
  Ilsuiw (Shoals:4)
  A fire giant (shapeshifter) (Zig:27)
  19 narguns
  22 vault wardens
  5 emperor scorpions
  14 ghost moths
  15 deep elf sorcerers
  5 draconian monks
  36 fire giants
  9 iron dragons
  4 deep elf elementalists (Elf:3)
  14 quicksilver elementals
  28 frost giants
  8 draconian scorchers
  6 draconian shifters
  The ghost of Puubajux the Bludgeoner, an adept GrFi of Gozag (Snake:3)
  2 spectral caustic shrikes
  52 balrugs
  7 shard shrike simulacra
  2 imperial myrmidons (Desolation)
  A juggernaut zombie (Crypt:3)
  The ghost of Bekk the Carver, a journeyman DsCK of Xom (Snake:3)
  A caustic shrike zombie (Abyss:4)
  10 curse skulls
  8 ghouls
  37 cacodemons
  30 orc warlords
  A spectral juggernaut (Tar:5)
  39 angels
  Louise (Depths:4)
  16 draconian annihilators
  12 demonspawn corrupters
  A spriggan defender (Depths:2)
  103 very ugly things
  3 broodmothers (Zig:17)
  13 demonspawn blood saints
  13 quicksilver oozes
  26 ophanim
  9 draconian stormcallers
  28 reapers
  8 formless jellyfish
  A formless jellyfish (shapeshifter) (Zig:27)
  18 ironbound preservers
  4 juggernaut skeletons
  A stone giant (shapeshifter) (Zig:27)
  26 war gargoyles
  The ghost of ChaoticPyre the Severer, a journeyman MiBe of Trog (Lair:2)
  2 caustic shrike skeletons (Abyss:4)
  2 starflowers
  34 putrid mouths
  8 ironbound thunderhulks
  22 demonspawn black suns
  An eleionoma (Zig:22)
  42 stone giants
  16 black draconians
  8 deep elf demonologists
  The ghost of Vyac the Spry, a journeyman SpEn of Wu Jian (Snake:3)
  24 vampire knights
  19 apis (Pan)
  19 elemental wellsprings
  A rockslime zombie (Crypt:2)
  41 lorocyprocas
  2 halazid warlocks (Desolation)
  13 green draconians
  2 eleionomae (shapeshifter) (Zig:27)
  8 purple draconians
  9 white draconians
  6 spark wasps
  8 bennus
  3 bunyips
  9 wendigos
  A spectral titan (Tar:5)
  12 dire elephants
  13 red draconians
  13 yellow draconians
  15 deep elf annihilators
  18 eidola
  44 green deaths
  20 iron golems
  5 crystal guardians
  13 deep elf death magi
  23 blizzard demons
  6 merfolk javelineers
  2 spectral quicksilver dragons (Tar:2)
  2 spectral krakens (Tar:7)
  15 merfolk impalers
  3 quicksilver dragon zombies
  3 ragged hierophants (Desolation)
  19 ettins
  25 yaktaur captains
  2 shambling mangroves
  3 entropy weavers
  25 great orbs of eyes
  9 ice dragons
  A spectral iron giant (Tar:6)
  A spectral spriggan (Tar:1)
  8 deep elf high priests
  25 jiangshi
  38 mummy priests
  Josephine (Snake:1)
  5 fire dragons
  A quicksilver dragon skeleton (Crypt:1)
  15 salamander tyrants
  28 rakshasas
  4 spriggan zombies
  34 vault guards
  11 hydras
  8 peacekeepers
  3 servants of whispers (Desolation)
  8 juggernaut simulacra
  3 catoblepae
  5 ogre magi
  18 anacondas
  6 spriggan air magi
  9 spriggan skeletons
  3 alligator snapping turtles
  4 ghost crabs
  4 merfolk avatars
  5 caustic shrike simulacra
  11 hell beasts
  An alligator (Zig:14)
  8 boulder beetles
  9 centaur warriors
  11 ironbound frosthearts
  5 death knights
  3 fenstrider witch skeletons
  A satyr (shapeshifter) (Zig:27)
  5 two-headed ogres
  8 death yaks
  9 stokers
  A merfolk aquamancer (Zig:25)
  An Orb Guardian skeleton (Crypt:2)
  14 orc high priests
  34 demonic crawlers
  27 naga warriors
  104 death scarabs
  2 spectral dire elephants
  13 deep troll shamans
  The ghost of SirDiesAlot the Reanimator, a journeyman OpFE of Gozag (Lair:1)
  26 naga sharpshooters
  269 thrashing horrors
  Urug (Lair:3)
  8 deep troll earth magi
  20 vampire magi
  6 holy swine (Pan)
  54 dancing weapons
  36 hell knights
  6 tengu warriors
  85 hell hogs
  2 spriggan berserkers
  136 sun demons
  17 shock serpents
  A shock serpent (shapeshifter) (Zig:24)
  129 wretched stars
  78 soul eaters
  30 deep elf knights
  2 titan zombies
  12 crystal echidnas
  52 skeletal warriors
  2 fire crabs
  6 salamander mystics
  27 shadow wraiths
  A bunyip zombie (Tomb:1)
  69 sixfirhies
  5 skysharks
  10 iron trolls
  5 pharaoh ants
  2 sun moths (Zig:17)
  2 goliath frogs (Zig:14)
  3 orb spiders (Zig:17)
  3 death drakes
  An iron troll (shapeshifter) (Zig:24)
  3 quicksilver dragon simulacra
  16 flayed ghosts
  16 sea snakes
  22 spatial maelstroms
  A storm dragon skeleton (Tomb:3)
  18 cherubim
  70 deep trolls
  4 arcanists
  22 deep elf archers
  A fire crab (shapeshifter) (Vaults:5)
  6 naga ritualists
  A spectral anaconda (Tar:6)
  3 bog bodies
  2 swamp dragons (shapeshifter)
  2 sea snakes (shapeshifter) (Zig:27)
  17 phantasmal warriors
  18 glowing orange brains
  4 swamp dragons
  A shadow dragon zombie (Zig:20)
  3 obsidian statues (Zig:14)
  21 ironbound convokers
  16 necromancers
  12 shadow demons
  22 occultists
  12 lindwurms
  An orange crystal statue (Zig:10)
  44 deep elf pyromancers
  3 anaconda skeletons
  15 mana vipers
  A fenstrider witch simulacrum (Coc:1)
  53 deep elf zephyrmancers
  A lindwurm (shapeshifter) (Zig:27)
  3 iron giant skeletons (Crypt:3)
  A wolf spider (shapeshifter) (Zig:27)
  9 orc knights
  2 iron dragon zombies
  A golden dragon skeleton (Crypt:3)
  2 oklob plants
  2 wolf spiders
  A shadow dragon skeleton (Crypt:3)
  A harpy (shapeshifter) (Abyss:4)
  21 harpies
  A spectral ettin (Tar:1)
  A human zombie (Vaults:2)
  A stone giant zombie (Tomb:1)
  5 will-o-the-wisps
  17 shining eyes
  23 orc sorcerers
  2 spectral centaurs (Tar:2)
  A tengu skeleton (Zig:20)
  37 worldbinders
  14 manticores
  32 moths of wrath
  55 ugly things
  8 fauns
  A goliath frog skeleton (Crypt:2)
  42 salamanders
  2 naga zombies
  A salamander (shapeshifter) (Abyss:4)
  4 cyclopes
  8 rust devils
  An elephant (shapeshifter) (Abyss:4)
  23 guardian serpents
  23 elephants
  2 draconian skeletons
  An iron dragon skeleton (Zig:20)
  27 naga magi
  A stone giant skeleton (Crypt:3)
  33 black mambas
  8 merfolk sirens
  A guardian serpent (shapeshifter) (D:14)
  23 vault sentinels
  7 water nymphs
  8 ice statues
  A centaur zombie (Crypt:3)
  2 centaur skeletons
  An eye of devastation (shapeshifter) (Zig:27)
  2 dire elephant zombies
  A storm dragon simulacrum (Vaults:2)
  164 smoke demons
  37 apocalypse crabs
  10 eyes of devastation
  5 molten gargoyles
  4 dire elephant skeletons
  4 titan simulacra
  6 torpor snails
  11 cane toads
  50 orange demons
  3 gargoyles
  Maggie (D:8)
  3 rime drakes
  25 unseen horrors
  2 unseen horrors (shapeshifter)
  An elf skeleton (Vaults:2)
  37 yaktaurs
  6 spectral swamp worms (Tar:7)
  47 tormentors
  4 bunyip simulacra
  9 komodo dragons
  29 efreet
  7 kobold demonologists
  63 guardian mummies
  39 hellions
  Jeremiah (D:7)
  A yellow draconian zombie (Crypt:3)
  A spectral naga (Tar:3)
  28 freezing wraiths
  4 tengu conjurers
  6 anaconda simulacra
  A catoblepas zombie (Crypt:2)
  4 harpy zombies
  An alligator snapping turtle skeleton (Crypt:3)
  7 red devils
  2 iron giant simulacra
  10 ice devils
  2 golden dragon simulacra
  A queen bee (Lair:2)
  A polar bear (shapeshifter) (Elf:2)
  2 polar bears (Lair:5)
  30 merfolk
  8 tyrant leeches
  110 ancient zymes
  A bloated husk (Zig:14)
  63 hellwings
  44 saltlings (Desolation)
  2 silent spectres
  12 trolls
  2 trolls (shapeshifter)
  A merfolk zombie (Abyss:1)
  7 harpy skeletons
  A meliai (shapeshifter) (Vaults:1)
  2 tarantellas (Zig:17)
  A tarantella (shapeshifter) (Abyss:4)
  7 hornets
  8 wind drakes
  313 raiju
  14 snapping turtles
  An iron dragon simulacrum (Coc:3)
  A moth of wrath zombie (Crypt:1)
  58 blink frogs
  3 hydra skeletons
  3 dream sheep (Shoals:1)
  3 stone giant simulacra
  5 jumping spiders
  A slime creature (shapeshifter) (Zig:24)
  104 flying skulls
  118 slime creatures
  A culicivora (shapeshifter) (Abyss:1)
  7 shadows
  8 vampires
  15 air elementals
  A black mamba zombie (Abyss:1)
  2 culicivoras
  A spriggan (Zig:14)
  3 ettin skeletons
  24 ushabtiu
  103 ynoxinuls
  An ice dragon skeleton (Abyss:1)
  A tyrant leech zombie (Crypt:2)
  14 water elementals
  6 wyverns
  Eustachio (D:4)
  18 wraiths
  4 dire elephant simulacra
  18 fire bats
  53 yaks
  3 yaks (shapeshifter)
  3 black mamba skeletons
  2 hogs (shapeshifter)
  12 basilisks
  114 neqoxecs
  3 death yak simulacra (IceCv)
  39 golden eyes
  2 steam dragons
  4 fire elementals
  174 small abominations
  111 chaos spawn
  2 golden eyes (shapeshifter)
  8 redbacks
  416 large abominations
  8 vampire mosquitoes
  6 wargs
  20 spatial vortices
  68 nagas
  17 harpy simulacra
  A naga (shapeshifter) (Vaults:5)
  20 water moccasins
  3 glowing shapeshifter skeletons
  An acid dragon (D:14)
  2 glowing shapeshifter zombies (Zig:20)
  32 hell hounds
  2 floating eyes
  4 hydra simulacra
  6 naga skeletons
  A cane toad skeleton (Crypt:2)
  2 sky beasts
  76 orc warriors
  A swamp dragon zombie (Crypt:2)
  2 ettin simulacra
  4 ice beasts
  4 black bears
  2 boggarts (Elf:1)
  30 ogres
  2 tengu (D:10)
  An ogre (shapeshifter) (D:11)
  A swamp dragon skeleton (Crypt:1)
  624 starcursed masses
  28 wolves
  6 centaurs
  A centaur (shapeshifter) (Abyss:4)
  A rime drake zombie (Crypt:3)
  A phantom (D:7)
  14 kobold brigands
  A dream sheep skeleton (Crypt:2)
  A komodo dragon zombie (Crypt:3)
  A gnoll sergeant (D:9)
  14 earth elementals
  2 necrophages (Crypt:2)
  10 bullfrogs
  A komodo dragon skeleton (Crypt:3)
  A glowing shapeshifter simulacrum (Vaults:2)
  3 two-headed ogre simulacra (IceCv)
  4 cane toad simulacra (IceCv)
  4 scorpions
  A hornet simulacrum (D:14)
  30 wights
  A raiju skeleton (Crypt:2)
  29 killer bees
  7 howler monkeys
  A vampire bat (Abyss:4)
  3 electric eels
  A human simulacrum (Vaults:3)
  10 crimson imps
  27 quasits
  Crazy Yiuf (D:7)
  3 hounds
  A black bear zombie (Crypt:1)
  6 jellies
  24 iron imps
  27 orc priests
  A sleepcap (D:5)
  An iguana (shapeshifter) (Abyss:4)
  Terence (D:2)
  Jessica (D:2)
  Ijyb (D:4)
  An iguana (D:5)
  5 lightning spires (Zot:4)
  31 orc wizards
  10 spriggan simulacra
  3 troll simulacra (IceCv)
  A wolf simulacrum (IceCv)
  An acid dragon zombie (Crypt:1)
  An ogre skeleton (Crypt:2)
  90 mummies
  A howler monkey zombie (Crypt:1)
  2 adders (shapeshifter) (Abyss:4)
  A gnoll (shapeshifter) (Abyss:4)
  9 gnolls
  5 adders
  7 naga simulacra
  A river rat (shapeshifter) (Abyss:4)
  7 shadow imps
  36 white imps
  41 ufetubi
  A jelly zombie (Crypt:3)
  A worm (shapeshifter) (Depths:4)
  A worm (D:2)
  2 dart slugs
  154 orcs
  5 bats
  7 endoplasms
  2 giant cockroaches
  5 goblins
  A hobgoblin (shapeshifter) (Abyss:4)
  6 hobgoblins
  A kobold (shapeshifter) (Abyss:4)
  A quokka (D:3)
  A quokka (shapeshifter) (Abyss:4)
  3 training dummies (Shoals:2)
  7 ball pythons
  A bat (shapeshifter) (Abyss:4)
  5 frilled lizards
  A frilled lizard zombie (Crypt:1)
  A gnoll skeleton (Crypt:1)
  A goblin (shapeshifter) (Abyss:4)
  2 hobgoblin skeletons
  18 kobolds
  An orc zombie (Crypt:3)
  5 rats (D:1)
  2 rats (shapeshifter) (Abyss:4)
  A ball lightning (Pan)
  A butterfly (Lair:4)
  7 creeping infernos
  53 fire vortices
  17 lurking horrors
  216 starspawn tentacles
  8 tentacles
9617 creatures vanquished.

Vanquished Creatures (collateral kills)
  Asmodeus (Geh:7)
  2 dread liches (Zig:24)
  An orb of fire (Zot:2)
  An ancient lich (Zig:24)
  2 juggernauts (Dis:7)
  A pandemonium lord (Zig:5)
  A shard shrike (Coc:7)
  A caustic shrike (Dis:7)
  A profane servitor (Tar:7)
  An iron giant (Dis:7)
  3 tentacled monstrosities
  2 Hell Sentinels (Dis:7)
  A hellephant (Geh:7)
  4 Orb Guardians (Zot:5)
  A tainted leviathan (Tar:7)
  A searing wretch (Geh:7)
  An Executioner (Zot:5)
  A tentacled starspawn (Abyss:4)
  3 ancient champions (Dis:7)
  2 nagarajas (Zig:22)
  A balrug (Hell)
  A quicksilver elemental (Dis:6)
  An emperor scorpion (Zig:22)
  2 ghost moths (Zig:22)
  A frost giant (Hell)
  4 war gargoyles (Dis:7)
  2 ophanim (Pan)
  A demonspawn black sun (Zig:22)
  A bunyip (Zig:22)
  2 putrid mouths
  An eidolon (Tar:2)
  A crystal guardian (Abyss:4)
  3 merfolk javelineers (Zig:22)
  A blizzard demon (Pan)
  A hell beast (Hell)
  3 hydras (Zig:22)
  A radroach (Zig:22)
  2 merfolk aquamancers (Zig:22)
  2 death scarabs (Tomb:3)
  A demonic crawler (Hell)
  2 thrashing horrors (Abyss:4)
  A soul eater (Pan)
  A pharaoh ant (Zig:22)
  2 sixfirhies
  A cherub (Pan)
  A spatial maelstrom (Zig:21)
  4 swamp dragons (Zig:22)
  A stone giant zombie (Abyss:4)
  A will-o-the-wisp (Zig:22)
  A moth of wrath (Zig:26)
  3 smoke demons
  A rust devil (Hell)
  A black mamba (Zig:22)
  5 guardian serpents (Zig:22)
  A hellion (Tar:1)
  A vault sentinel (Zig:24)
  A dire elephant skeleton (Abyss:4)
  A kobold demonologist (Abyss:5)
  A freezing wraith (Coc:5)
  3 spectral swamp worms (Tar:7)
  4 tormentors
  An ice devil (Hell)
  A guardian mummy (Tomb:3)
  An ancient zyme (Abyss:4)
  2 tarantellas (Zig:22)
  9 raiju
  5 large abominations
  2 slime creatures
  A culicivora (Zig:22)
  3 golden eyes
  3 harpy simulacra
  A hell hound (Hell)
  2 small abominations (Abyss:4)
  An iron imp (Abyss:4)
  17 starcursed masses
  A kobold (Abyss:5)
  2 ball lightnings (Pan)
  A lurking horror (Abyss:4)
  3 starspawn tentacles
156 creatures vanquished.

Vanquished Creatures (others)
  A pandemonium lord (Zig:27)
  A Brimstone Fiend (Pan)
  An Ice Fiend (Pan)
  A lich (Abyss:6)
  A searing wretch (Geh:7)
  An eldritch tentacle (Pan)
  A tentacled starspawn (Abyss:6)
  A demonspawn warmonger (Pan)
  2 fire giants
  2 frost giants (Crypt:1)
  A reaper (Pan)
  3 demonspawn blood saints
  A demonspawn corrupter (Pan)
  A draconian annihilator (Depths:4)
  A very ugly thing (Abyss:4)
  A black draconian (Zot:4)
  An eleionoma (Zig:22)
  2 wendigos (Coc:1)
  A demonspawn black sun (Pan)
  2 mummy priests (Tomb:2)
  2 caustic shrike simulacra (Coc:1)
  2 juggernaut simulacra (Coc:1)
  An ogre mage (D:11)
  A stoker (Geh:4)
  A merfolk aquamancer (Shoals:4)
  A shock serpent (Zot:4)
  A deep elf knight (Elf:2)
  A soul eater (Pan)
  A sixfirhy (Pan)
  A spatial maelstrom (Abyss:6)
  3 wretched stars
  An arcanist (Pan)
  A quicksilver dragon simulacrum (Coc:1)
  A spriggan simulacrum (Coc:1)
  A steelbarb worm (Zig:17)
  An occultist (Pan)
  A salamander (Snake:4)
  A titan simulacrum (Coc:1)
  4 smoke demons (Pan)
  A tormentor (Coc:1)
  A bunyip simulacrum (Coc:1)
  2 ancient zymes (Abyss:6)
  A hellwing (Pan)
  2 blink frogs
  A raiju (Zot:4)
  5 small abominations
  A flying skull (Zig:21)
  4 ynoxinuls
  2 centaur simulacra (Coc:1)
  2 dire elephant simulacra
  An ushabti (Tomb:2)
  2 naga simulacra
  A water elemental (Elf:2)
  5 golden eyes
  2 redbacks (Elf:2)
  A large abomination (Abyss:4)
  3 neqoxecs
  An alligator snapping turtle simulacrum (Coc:1)
  A harpy simulacrum (Coc:1)
  A naga (Abyss:4)
  An ettin simulacrum (Coc:5)
  A kobold brigand (D:7)
  A wight (Abyss:3)
  An electric eel (D:13)
  A mummy (Tomb:2)
  A white imp (Abyss:1)
  An ufetubus (Abyss:1)
  21 ball lightnings
  3 creeping infernos
  26 foxfires
  18 lurking horrors
  243 starspawn tentacles
  17 tentacles
427 creatures vanquished.

Grand Total: 10200 creatures vanquished

Notes
Turn   | Place    | Note
-------+----------+-------------------------------------------
     0 | D:5      | Kurtz the Naga Delver began the quest for the Orb.
     0 | D:5      | Reached XP level 1. HP: 21/21 MP: 1/1
   282 | D:3      | Found a white marble altar of Elyvilon.
   314 | D:3      | Reached XP level 2. HP: 28/28 MP: 2/2
   455 | D:2      | Noticed Jessica
   470 | D:2      | Killed Jessica
   471 | D:2      | Reached XP level 3. HP: 13/34 MP: 3/3
   654 | D:2      | Reached XP level 4. HP: 39/42 MP: 4/4
   673 | D:2      | Noticed Terence
   681 | D:2      | Killed Terence
  1463 | D:3      | Reached XP level 5. HP: 49/49 MP: 5/5
  1746 | D:4      | Found a glowing silver altar of Zin.
  1752 | D:4      | Noticed Ijyb
  1768 | D:4      | Killed Ijyb
  1769 | D:4      | Reached skill level 5 in Axes
  2180 | D:4      | Noticed an ogre
  2185 | D:4      | Killed an ogre
  2186 | D:4      | Reached XP level 6. HP: 57/57 MP: 6/6
  2291 | D:4      | Noticed Eustachio
  2339 | D:4      | Killed Eustachio
  2340 | D:4      | Reached XP level 7. HP: 29/66 MP: 7/7
  2865 | D:4      | Found a shimmering altar of Xom.
  2865 | D:4      | Found a blossoming altar of Fedhas.
  3535 | D:5      | Reached skill level 5 in Fighting
  4167 | D:5      | Reached XP level 8. HP: 35/74 MP: 8/8
  4727 | D:5      | Found a snail-covered altar of Cheibriados.
  4728 | D:5      | Found an ancient bone altar of Kikubaaqudgha.
  5049 | D:6      | Found a staircase to the Ecumenical Temple.
  5058 | Temple   | Entered the Ecumenical Temple
  5073 | Temple   | Became a worshipper of Warmaster Okawaru
  5439 | D:6      | Reached skill level 1 in Invocations
  5700 | D:5      | Reached skill level 1 in Armour
  6417 | D:5      | Reached * piety under Okawaru
  6487 | D:7      | Found Desunycs's Assorted Antiques.
  6495 | D:7      | Bought a glowing scale mail for 161 gold pieces
  6856 | D:5      | Reached XP level 9. HP: 66/82 MP: 10/10
  6921 | D:7      | Found Kesh's Book Boutique.
  6934 | D:7      | Found Meceit's Gadget Gallery.
  7574 | D:7      | Noticed Jeremiah
  7999 | D:7      | Killed Jeremiah
  7999 | D:7      | Reached ** piety under Okawaru
  8169 | D:7      | Found an opulent altar of Gozag.
  8298 | D:7      | Reached skill level 1 in Shields
  8367 | D:7      | Found Hakhlur's Antique Armour Shop.
  8372 | D:7      | Bought a pair of embroidered gloves for 187 gold pieces
  8459 | D:7      | Found a bloodstained altar of Trog.
  8831 | D:7      | Found a runed translucent door.
  8832 | D:7      | Noticed Crazy Yiuf
  9935 | D:1      | Found a faded altar of an unknown god.
 10133 | D:8      | Noticed Maggie
 10203 | D:7      | Reached XP level 10. HP: 59/90 MP: 12/12
 10481 | D:8      | Killed Maggie
 10482 | D:8      | Reached skill level 5 in Shields
 11426 | D:8      | Reached *** piety under Okawaru
 11671 | D:7      | Killed Crazy Yiuf
 11790 | D:7      | Identified the +1 hammer "Vuowoigo" {drain, Fly Int-5 Dex+2
                  | Stlth+}
 12030 | D:8      | Reached skill level 10 in Axes
 12359 | D:8      | Reached skill level 5 in Dodging
 12403 | D:8      | Reached **** piety under Okawaru
 12787 | D:9      | Found a glowing golden altar of the Shining One.
 12953 | D:8      | Reached XP level 11. HP: 45/97 MP: 13/13
 13390 | D:9      | Found a staircase to the Orcish Mines.
 13528 | D:9      | Paralysed by a hornet for 1 turns
 13590 | D:9      | Found a staircase to the Lair.
 13647 | D:9      | HP: 4/99 [yak (10)]
 14916 | D:10     | Entered Level 10 of the Dungeon
 16284 | D:11     | Reached ***** piety under Okawaru
 16795 | D:11     | Noticed an orc knight
 16928 | D:11     | Killed an orc knight
 16929 | D:11     | Reached XP level 12. HP: 37/110 MP: 4/14
 17211 | D:11     | Noticed a deep elf high priest
 17212 | D:11     | Noticed a deep elf knight
 17212 | D:11     | Found a runed translucent door.
 17214 | D:11     | Noticed a yaktaur captain
 17214 | D:11     | Identified the amulet of Voyrep {RegenMP Harm}
 17214 | D:11     | Noticed an ogre mage
 17214 | D:11     | Noticed an ettin
 17718 | Lair:1   | Entered Level 1 of the Lair of Beasts
 18374 | Lair:1   | Reached skill level 5 in Armour
 18923 | Lair:1   | Received a gift from Okawaru
 19041 | Lair:1   | Found a large runed translucent door.
 19042 | Lair:1   | Found a large runed translucent door.
 19048 | Lair:1   | Noticed SirDiesAlot's ghost (journeyman OpFE)
 19624 | Lair:2   | Received a gift from Okawaru
 19807 | Lair:2   | Gained mutation: You can use your snake-like lower body to
                  | constrict enemies. [Naga growth]
 19807 | Lair:2   | Reached XP level 13. HP: 107/117 MP: 15/15
 20064 | Lair:2   | Found a staircase to the Shoals.
 20814 | Lair:2   | Found a runed translucent door.
 20816 | Lair:2   | Noticed ChaoticPyre's ghost (journeyman MiBe)
 21541 | Lair:3   | Received a gift from Okawaru
 22244 | D:12     | Found a shimmering blue altar of Sif Muna.
 22498 | D:13     | Reached skill level 15 in Axes
 23295 | D:13     | Reached skill level 10 in Fighting
 23379 | D:13     | Reached XP level 14. HP: 132/132 MP: 16/16
 23564 | D:13     | Found Ymmutea's Distillery.
 23587 | D:13     | Bought a potion of cancellation for 128 gold pieces
 23587 | D:13     | Bought a potion of lignification for 48 gold pieces
 23587 | D:13     | Bought a potion of heal wounds for 80 gold pieces
 23587 | D:13     | Bought a potion of curing for 48 gold pieces
 24325 | D:14     | Noticed an ironbound preserver
 24880 | D:14     | Reached XP level 15. HP: 81/140 MP: 8/17
 26029 | Lair:3   | Identified the -1 pair of gloves "Cuxir" {Int+5}
 26054 | Lair:3   | Noticed Nessos
 26067 | Lair:3   | Noticed Urug
 26701 | Lair:3   | Found a staircase to the Snake Pit.
 26875 | Lair:3   | Killed Urug
 27030 | Lair:3   | Nessos changed into Nessos the mana viper
 27030 | Lair:3   | Noticed Nessos
 27038 | Lair:3   | Killed Nessos the mana viper
 27038 | Lair:3   | Received a gift from Okawaru
 28350 | Lair:4   | Found a frozen archway.
 28378 | IceCv    | Entered an ice cave
 29997 | IceCv    | Identified the ring of the First Lives {rF+ rC+}
 30649 | Lair:5   | Entered Level 5 of the Lair of Beasts
 31092 | Lair:5   | Found a staircase to the Slime Pits.
 31589 | Lair:5   | Found an ancient bone altar of Kikubaaqudgha.
 32158 | Lair:5   | Received a gift from Okawaru
 32735 | Lair:5   | Reached XP level 16. HP: 138/154 MP: 15/18
 33536 | Orc:1    | Entered Level 1 of the Orcish Mines
 33663 | Orc:2    | Entered Level 2 of the Orcish Mines
 33722 | Orc:2    | Found Linuvas's Distillery.
 33725 | Orc:2    | Bought a potion of mutation for 112 gold pieces
 34101 | Orc:2    | Reached skill level 10 in Shields
 34437 | Orc:2    | Found Xeprue Voju's Antique Weapon Shoppe.
 34439 | Orc:2    | Found Rehefraun's Antique Armour Emporium.
 34494 | Orc:2    | Found a staircase to the Elven Halls.
 34713 | Orc:2    | Found Akhoc's Distillery.
 34761 | Orc:2    | Bought a potion of ambrosia for 88 gold pieces
 34979 | Orc:2    | Found Plog's Assorted Antiques.
 35038 | Orc:2    | Bought a scroll of teleportation for 99 gold pieces
 35038 | Orc:2    | Bought a scroll of identify for 66 gold pieces
 35832 | D:14     | Found a gate to the Vaults.
 35855 | D:14     | Identified the +6 chain mail of the Tundras {rF++}
 36390 | D:14     | Identified the +1 leather armour "Waig Wek" {+Inv Will++
                  | Str-2 Stlth+}
 36468 | D:15     | Entered Level 15 of the Dungeon
 36756 | D:15     | Received a gift from Okawaru
 36771 | D:15     | HP: 2/158 [two-headed ogre/+0 giant spiked club (8)]
 37615 | D:15     | Found a staircase to the Depths.
 38379 | Shoals:1 | Entered Level 1 of the Shoals
 38481 | Snake:1  | Entered Level 1 of the Snake Pit
 38701 | Snake:1  | Noticed Josephine
 38711 | Snake:1  | Killed Josephine
 38788 | Snake:1  | Received a gift from Okawaru
 38937 | Snake:1  | Reached ****** piety under Okawaru
 38939 | Snake:1  | Acquired a +3 broad axe of freezing
 38939 | Snake:1  | Received a gift from Okawaru
 40018 | Snake:1  | Acquired the +6 lightning scales {swift, rElec}
 40018 | Snake:1  | Received a gift from Okawaru
 40018 | Snake:1  | Found the +6 lightning scales {swift, rElec}
 40042 | Snake:2  | Noticed Mlioglotl
 40046 | Snake:2  | Noticed a bone dragon
 40050 | Snake:2  | Noticed a bone dragon
 40059 | Snake:1  | Killed Mlioglotl
 40059 | Snake:1  | Received a gift from Okawaru
 40266 | Snake:2  | Noticed Vashnia
 40278 | Snake:2  | Killed Vashnia
 40279 | Snake:2  | Reached XP level 17. HP: 157/168 MP: 10/20
 40295 | Snake:2  | Reached skill level 10 in Armour
 40306 | Snake:2  | Received a gift from Okawaru
 40637 | Snake:2  | Reached skill level 5 in Invocations
 41006 | Snake:2  | Identified a scroll of acquirement
 41051 | Snake:2  | Acquired 1271 gold pieces
 41908 | Snake:3  | Received a gift from Okawaru
 41909 | Snake:3  | Found Nunecenaa's Antique Armour Shop.
 42245 | Snake:3  | Found a runed translucent gate.
 42246 | Snake:3  | Found a runed translucent gate.
 42247 | Snake:3  | Found a runed translucent gate.
 42248 | Snake:3  | Noticed Caumakya's ghost (adept MiFi)
 42248 | Snake:3  | Noticed Vyac's ghost (journeyman SpEn)
 42248 | Snake:3  | Noticed Bekk's ghost (journeyman DsCK)
 42248 | Snake:3  | Noticed Puubajux's ghost (adept GrFi)
 42248 | Snake:3  | Noticed Lecvoy's ghost (adept OgSh)
 42867 | Snake:3  | Reached skill level 10 in Dodging
 43149 | Snake:3  | Received a gift from Okawaru
 43230 | Snake:3  | Identified the +5 ring mail of Kasimuit {rF+ rC- Dex+3}
 43609 | Snake:4  | Entered Level 4 of the Snake Pit
 44311 | Snake:4  | Reached XP level 18. HP: 154/177 MP: 19/21
 44411 | Snake:4  | Noticed Agnes
 44418 | Snake:4  | Killed Agnes
 44418 | Snake:4  | Received a gift from Okawaru
 44544 | Snake:4  | Noticed Bai Suzhen
 44569 | Snake:4  | Killed Bai Suzhen
 44669 | Snake:4  | Found Mehefo's Distillery.
 44672 | Snake:4  | Bought a potion of magic for 136 gold pieces
 44917 | D:7      | Bought the +9 scales of the Dragon King {rPois rF+ rC+
                  | Will+} for 3120 gold pieces
 44917 | D:7      | Found the +9 scales of the Dragon King {rPois rF+ rC+
                  | Will+}
 45641 | Shoals:1 | Identified the +3 sling of the Elven Halls {speed, rF+
                  | rCorr}
 45864 | Shoals:1 | Received a gift from Okawaru
 45947 | Shoals:1 | Noticed Roxanne
 46450 | Shoals:1 | Found a shimmering altar of Xom.
 46458 | Shoals:1 | Identified the +0 scale mail of the Elephant {rPois Str+7
                  | SInv Stlth-}
 47103 | Shoals:2 | Found Meceit's Firing Range.
 47745 | Shoals:3 | Reached skill level 1 in Shapeshifting
 48022 | Shoals:3 | Received a gift from Okawaru
 48530 | Shoals:4 | Identified the "Melutuewn"
 48530 | Shoals:4 | Identified the of Imonotix
 48530 | Shoals:4 | Entered Level 4 of the Shoals
 48672 | Shoals:4 | Noticed Polyphemus
 48702 | Shoals:4 | Killed Polyphemus
 49256 | Shoals:4 | Reached XP level 19. HP: 120/184 MP: 12/23
 49271 | Shoals:4 | Received a gift from Okawaru
 49788 | Shoals:4 | Got a barnacled rune of Zot
 49870 | Shoals:4 | Identified the +2 robe of Vlad {Dex+2 Archmagi}
 49922 | Shoals:4 | Noticed Ilsuiw
 50560 | Shoals:4 | Noticed Donald
 50573 | Shoals:4 | Killed Donald
 50860 | Shoals:4 | Received a gift from Okawaru
 50867 | Shoals:4 | Acquired the +3 Mad Mage's Maulers {Infuse+∞ VampMP -Cast}
 50867 | Shoals:4 | Found the +3 Mad Mage's Maulers {Infuse+∞ VampMP -Cast}
 50988 | Shoals:4 | Killed Ilsuiw
 51766 | Snake:4  | Identified the amulet "Lytakh" {Reflect Fragile Str+8 Int+3
                  | SH+5}
 52738 | Snake:4  | Received a gift from Okawaru
 52868 | Snake:4  | Got a serpentine rune of Zot
 53542 | Vaults:1 | Entered Level 1 of the Vaults
 55177 | Vaults:1 | Reached XP level 20. HP: 193/193 MP: 6/25
 55318 | Vaults:1 | Received a gift from Okawaru
 55693 | Vaults:1 | Reached skill level 15 in Shields
 56638 | Desolati | Identified the "Lil Heof"
 56638 | Desolati | Identified the of Boiclanu
 56638 | Desolati | Identified the "Zutal"
 56654 | Vaults:2 | Received a gift from Okawaru
 56731 | Vaults:2 | Found a crumbling gateway.
 56764 | Desolati | Entered the Desolation of Salt
 57100 | Desolati | Identified the ring of Ostur {rN+++ Str-2 Int+6 Slay-2}
 57829 | Desolati | Identified the +0 ring mail of a volcano {rF++ Dex+2}
 57832 | Desolati | Identified the amulet "Jibionetz" {Reflect Dex+3 SH+5}
 57864 | Desolati | Received a gift from Okawaru
 58066 | Desolati | Identified the +9 glaive "Caerifica" {venom, Fly rF+ rC-
                  | Int+2}
 58077 | Desolati | Identified the +2 helmet of Eseosul {rC- rCorr Dex+6}
 58079 | Desolati | Identified the +4 pair of boots of Raenamab {rPois Str+3}
 58081 | Desolati | Found the +18 shield of the Gong {Loud rN+ Will+ rCorr
                  | EV-5}
 59346 | Vaults:2 | Received a gift from Okawaru
 59347 | Vaults:2 | Reached skill level 5 in Shapeshifting
 59709 | Vaults:2 | Reached XP level 21. HP: 198/200 MP: 2/27
 60162 | Vaults:2 | Received a gift from Okawaru
 63082 | Vaults:3 | Found a staircase to the Crypt.
 63433 | Vaults:3 | Received a gift from Okawaru
 64405 | Vaults:4 | Found Pegaceum's Weapon Shop.
 64992 | Vaults:4 | Identified the +5 scale mail of Shielding {rN++ Int+2}
 65380 | Vaults:4 | Reached skill level 15 in Fighting
 65675 | Vaults:4 | Received a gift from Okawaru
 66664 | Vaults:4 | Reached XP level 22. HP: 206/210 MP: 4/29
 67967 | Vaults:5 | Identified the "Hegad"
 67967 | Crypt:3  | Identified the of Utzegog
 67967 | Depths:2 | Identified the "Luenuum"
 67967 | Elf:1    | Entered Level 1 of the Elven Halls
 68020 | Elf:1    | Received a gift from Okawaru
 68029 | Elf:1    | Reached skill level 10 in Invocations
 68301 | Elf:1    | Reached skill level 15 in Armour
 69745 | Elf:2    | Received a gift from Okawaru
 70970 | Elf:2    | Found a runed translucent gate.
 70970 | Elf:2    | Found a runed translucent gate.
 70972 | Elf:2    | Found a runed translucent gate.
 71536 | Elf:2    | Received a gift from Okawaru
 71941 | Elf:3    | Identified the "Pimo"
 71941 | Elf:3    | Identified the of Edyam
 71941 | Elf:3    | Identified the "Ithrusm"
 71941 | Elf:3    | Identified the of Pumetid
 71941 | Elf:3    | Entered Level 3 of the Elven Halls
 71965 | Elf:3    | Paralysed by an air elemental for 1 turns
 71968 | Elf:3    | Paralysed by an air elemental for 1 turns
 72761 | Elf:3    | Paralysed by an air elemental for 1 turns
 72762 | Elf:3    | Reached XP level 23. HP: 212/219 MP: 3/31
 73621 | Elf:3    | Found Tyrinejinn's Armour Shop.
 73886 | Elf:3    | Paralysed by an air elemental for 1 turns
 73964 | Elf:3    | Identified the +6 scale mail of the Gate {rElec SInv}
 74029 | Elf:3    | Identified the +0 robe of Farfalle {+Inv}
 74217 | Elf:3    | Identified the +6 spear of the Apocalypse {protect, rF+}
 74217 | Elf:3    | Identified the ring of the Tuna {Ice rElec rPois rN+ Dex-4
                  | SInv}
 74276 | Elf:3    | Received a gift from Okawaru
 74904 | Elf:3    | Identified the +10 rapier of Bauvai {vamp, rPois rF- rN+++
                  | rCorr}
 74986 | Elf:3    | Identified the +5 ring mail of Exclusion {rC+ Stlth+}
 75158 | Elf:3    | Identified the ring of Vaattoq {rPois rC+ Str+6}
 76548 | Elf:3    | Found the +3 greatsling "Punk" {acid, rCorr}
 76756 | Elf:3    | Identified the staff "Jellyslayer" {rN++ Conj}
 76763 | Elf:3    | Identified the +4 shortbow of Decaying Duty {heavy, Fly
                  | rElec rN++ Dex-3}
 77892 | Depths:1 | Entered Level 1 of the Depths
 77919 | Depths:1 | Noticed Sojobo
 77936 | D:15     | Paralysed by an air elemental for 1 turns
 77939 | D:15     | Killed Sojobo
 78089 | Depths:1 | Received a gift from Okawaru
 78447 | Depths:1 | Found Weshym's Armour Emporium.
 78452 | Depths:1 | Found Tiurghom's Armour Emporium.
 79554 | Depths:1 | Found a gateway to Hell.
 79885 | Depths:2 | Received a gift from Okawaru
 79891 | Depths:2 | Noticed Nikola
 79898 | Depths:2 | Killed Nikola
 80221 | Depths:2 | Identified the +3 shortbow of Premature Burial {flame,
                  | Str+4}
 80229 | Depths:2 | Noticed a golden dragon
 80232 | Depths:2 | Noticed a caustic shrike
 80233 | Depths:2 | Noticed a caustic shrike
 80235 | Depths:2 | Found a one-way gateway to a ziggurat.
 80238 | Depths:2 | Paralysed by a floating eye for 4 turns
 80678 | Depths:2 | Found a portal to a secret trove of treasure.
 80777 | Depths:2 | Noticed an ancient lich
 80784 | Depths:2 | Killed an ancient lich
 80785 | Depths:2 | Reached XP level 24. HP: 231/231 MP: 2/31
 81140 | Depths:2 | Found a one-way gate to the infinite horrors of the Abyss.
 81228 | Depths:2 | Found a one-way gate leading to the halls of Pandemonium.
 81264 | Depths:2 | Received a gift from Okawaru
 81663 | Depths:2 | You fall into a shaft and drop 2 floors!
 81663 | Depths:4 | Entered Level 4 of the Depths
 81900 | Depths:4 | Noticed Louise
 81921 | Depths:4 | Killed Louise
 82622 | Depths:2 | Identified the +1 robe "Baxaghab" {+Blink rCorr}
 82693 | Depths:2 | Found Veughefa's Book Shop.
 82693 | Depths:2 | Found Meock's Jewellery Emporium.
 82694 | Depths:2 | Found Vullyi's Jewellery Emporium.
 82704 | Depths:2 | Bought a ring of flight for 332 gold pieces
 83144 | Depths:2 | Paralysed by a floating eye for 4 turns
 83151 | Depths:2 | Paralysed by a floating eye for 2 turns
 83157 | Depths:2 | Paralysed by a floating eye for 2 turns
 83447 | Depths:3 | Found Oprigyl's Book Shop.
 83830 | Depths:3 | Bought a manual of Armour for 1360 gold pieces
 84606 | Depths:4 | Noticed a caustic shrike
 84606 | Depths:4 | Noticed a caustic shrike
 84606 | Depths:4 | Noticed a caustic shrike
 84609 | Depths:4 | Killed a caustic shrike
 84616 | Depths:4 | Killed a caustic shrike
 84616 | Depths:4 | Received a gift from Okawaru
 84617 | Depths:4 | Killed a caustic shrike
 84809 | Depths:4 | Noticed a juggernaut
 84822 | Depths:4 | Killed a juggernaut
 85991 | Depths:4 | Received a gift from Okawaru
 86118 | Depths:4 | Found a gate to the Realm of Zot.
 86928 | Lair:1   | Killed SirDiesAlot's ghost
 87112 | Lair:2   | Killed ChaoticPyre's ghost
 87252 | D:11     | Identified the +4 executioner's axe "Leffolepn" {pain,
                  | rElec rPois rCorr}
 87253 | D:11     | Identified the +8 glaive of Leuqutat {flame, rF+}
 87254 | D:11     | Identified the +4 mace "Ymieshra" {venom, Will- Str+6
                  | Dex+2}
 87604 | Snake:3  | Killed Caumakya's ghost
 87617 | Snake:3  | Killed Lecvoy's ghost
 87622 | Snake:3  | Killed Puubajux's ghost
 87631 | Snake:3  | Killed Vyac's ghost
 87645 | Snake:3  | Killed Bekk's ghost
 88209 | Vaults:5 | Entered Level 5 of the Vaults
 88366 | Vaults:4 | Received a gift from Okawaru
 88508 | Vaults:4 | Reached XP level 25. HP: 157/240 MP: 3/32
 89016 | Vaults:5 | Noticed a dread lich
 89031 | Vaults:4 | Killed a dread lich
 89439 | Vaults:5 | Paralysed by a floating eye for 2 turns
 89449 | Vaults:5 | Received a gift from Okawaru
 89901 | Vaults:5 | Identified the +5 leather armour "Fimnooru" {-Tele Harm
                  | rCorr SInv}
 89921 | Vaults:5 | Identified the +2 cloak of the Morning {Regen+}
 90070 | Vaults:5 | Identified the +5 spear "Puhir" {holy, rPois Will+ rCorr
                  | Str-5}
 90117 | Vaults:5 | Received a gift from Okawaru
 90984 | Vaults:5 | Identified the amulet "Lefug" {Acrobat Dex+6}
 91383 | Vaults:5 | Got a silver rune of Zot
 91794 | Vaults:5 | Acquired 666 gold pieces
 91993 | Vaults:5 | Identified the staff "Isunydog" {*Corrode rF+ rC+ rN+ Ice}
 93650 | Temple   | Fell from the grace of Okawaru
 93650 | Temple   | Became a worshipper of Makhleb the Destroyer
 93969 | Crypt:1  | Entered Level 1 of the Crypt
 93996 | Crypt:1  | You fall into a shaft and drop 1 floor!
 94768 | Crypt:1  | Reached * piety under Makhleb
 96048 | Crypt:2  | Reached skill level 10 in Shapeshifting
 96201 | Crypt:2  | Reached XP level 26. HP: 249/249 MP: 10/32
 96328 | Crypt:2  | Reached ** piety under Makhleb
 97824 | Crypt:3  | Entered Level 3 of the Crypt
 97838 | Crypt:3  | Found a staircase to the Tomb.
 98050 | Crypt:3  | Reached *** piety under Makhleb
 99489 | Crypt:3  | Found a basalt altar of Yredelemnul.
 99741 | Crypt:3  | Noticed a dread lich
 99779 | Crypt:3  | Killed a dread lich
100021 | Crypt:3  | Reached **** piety under Makhleb
101454 | Crypt:3  | Identified the amulet of Dod Fait {Regen+ Dex+3}
101454 | Crypt:3  | Identified the ring of Facvevio {rC++ rN+}
101454 | Crypt:3  | Identified the ring of Zeobyhiy {rN+ Dex+3}
101470 | Crypt:3  | Identified the amulet "Fuacwedgh" {Reflect Will+ SH+5}
102953 | Zot:1    | Identified the of Esih
102953 | Slime:5  | Identified the "Nuruzxa"
102953 | Tomb:1   | Entered Level 1 of the Tomb of the Ancients
103235 | Tomb:1   | Reached ***** piety under Makhleb
103244 | Tomb:1   | Reached skill level 15 in Shapeshifting
104756 | Orc:2    | Bought 2 potions of heal wounds for 140 gold pieces
104756 | Orc:2    | Bought a potion of haste for 140 gold pieces
104756 | Orc:2    | Bought a potion of heal wounds for 70 gold pieces
104756 | Orc:2    | Bought a potion of curing for 42 gold pieces
104778 | Orc:2    | Bought a potion of heal wounds for 55 gold pieces
104778 | Orc:2    | Bought a potion of might for 44 gold pieces
104778 | Orc:2    | Bought a potion of cancellation for 88 gold pieces
104778 | Orc:2    | Bought a potion of heal wounds for 55 gold pieces
104778 | Orc:2    | Bought 2 potions of enlightenment for 110 gold pieces
104833 | Orc:2    | Bought a scroll of enchant armour for 247 gold pieces
104833 | Orc:2    | Bought a potion of magic for 264 gold pieces
104951 | D:13     | Bought a potion of curing for 48 gold pieces
104951 | D:13     | Bought a potion of might for 64 gold pieces
104951 | D:13     | Bought 2 potions of invisibility for 256 gold pieces
104951 | D:13     | Bought a potion of curing for 48 gold pieces
104960 | D:13     | Learned a level 8 spell: Ignition
104970 | D:13     | Learned a level 9 spell: Polar Vortex
105162 | Depths:2 | Bought a granite talisman for 1520 gold pieces
105352 | Depths:4 | Voluntarily entered the Abyss.
105473 | Abyss:1  | Found a candlelit altar of Ignis.
105864 | Abyss:1  | Reached XP level 27. HP: 206/206 MP: 32/32
106030 | Depths:4 | Escaped the Abyss
106032 | Depths:4 | Voluntarily entered the Abyss.
106144 | Abyss:1  | Found a corrupted altar of Lugonu.
106170 | Abyss:1  | Reached ****** piety under Makhleb
106229 | Abyss:1  | Found a corrupted altar of Lugonu.
106241 | Abyss:1  | Found a corrupted altar of Lugonu.
106241 | Abyss:1  | Found a corrupted altar of Lugonu.
106373 | Depths:4 | Escaped the Abyss
106375 | Depths:4 | Voluntarily entered the Abyss.
106375 | Abyss:1  | Found a corrupted altar of Lugonu.
106378 | Abyss:1  | Was forgiven by Okawaru
106524 | Depths:4 | Escaped the Abyss
106526 | Depths:4 | Voluntarily entered the Abyss.
106526 | Abyss:1  | Found a corrupted altar of Lugonu.
106755 | Abyss:1  | Found a corrupted altar of Lugonu.
107141 | Abyss:1  | Found a corrupted altar of Lugonu.
107622 | Abyss:1  | Found a corrupted altar of Lugonu.
108087 | Abyss:1  | Gained mutation: Potions are less effective at restoring
                  | your health. [a neqoxec]
108089 | Abyss:1  | Gained mutation: You occasionally shout uncontrollably at
                  | your foes. [a neqoxec]
108102 | Depths:4 | Escaped the Abyss
108103 | Depths:4 | Lost mutation: Potions are less effective at restoring your
                  | health. [potion of mutation]
108103 | Depths:4 | Lost mutation: You occasionally shout uncontrollably at
                  | your foes. [potion of mutation]
108103 | Depths:4 | Gained mutation: You are dopey. (Int -2) [potion of
                  | mutation]
108103 | Depths:4 | Gained mutation: A frigid envelope surrounds you and
                  | freezes all who hurt you. [potion of mutation]
108107 | Depths:4 | Voluntarily entered the Abyss.
108213 | Abyss:1  | Gained mutation: Your body sometimes deteriorates upon
                  | taking damage. [a neqoxec]
108247 | Abyss:1  | Lost mutation: Your body sometimes deteriorates upon taking
                  | damage. [potion of mutation]
108247 | Abyss:1  | Lost mutation: A frigid envelope surrounds you and freezes
                  | all who hurt you. [potion of mutation]
108247 | Abyss:1  | Lost mutation: You are dopey. (Int -2) [potion of mutation]
108247 | Abyss:1  | Gained mutation: You have a pair of small horns on your
                  | head. [potion of mutation]
108499 | Abyss:1  | Noticed a dread lich
108518 | Abyss:1  | Killed a dread lich
108565 | Depths:4 | Escaped the Abyss
108567 | Depths:4 | Voluntarily entered the Abyss.
108579 | Depths:4 | Escaped the Abyss
108581 | Depths:4 | Voluntarily entered the Abyss.
108581 | Abyss:1  | Found a corrupted altar of Lugonu.
108823 | Depths:4 | Escaped the Abyss
108825 | Depths:4 | Voluntarily entered the Abyss.
108876 | Abyss:1  | Found a corrupted altar of Lugonu.
108883 | Abyss:1  | Found a corrupted altar of Lugonu.
108883 | Abyss:1  | Found a corrupted altar of Lugonu.
109144 | Abyss:1  | Found a corrupted altar of Lugonu.
109180 | Abyss:1  | Found a corrupted altar of Lugonu.
109220 | Abyss:1  | Found a corrupted altar of Lugonu.
109245 | Abyss:1  | Found a corrupted altar of Lugonu.
109280 | Depths:4 | Escaped the Abyss
109338 | Depths:4 | Voluntarily entered the Abyss.
109338 | Abyss:1  | Found a corrupted altar of Lugonu.
109484 | Abyss:1  | Noticed a dread lich
109492 | Abyss:1  | Killed a dread lich
109840 | Depths:4 | Escaped the Abyss
109842 | Depths:4 | Voluntarily entered the Abyss.
110675 | Depths:4 | Escaped the Abyss
110677 | Depths:4 | Voluntarily entered the Abyss.
111138 | Depths:4 | Escaped the Abyss
111140 | Depths:4 | Voluntarily entered the Abyss.
111198 | Abyss:1  | Reached skill level 1 in Fire Magic
111257 | Abyss:1  | Reached skill level 1 in Spellcasting
111296 | Abyss:1  | Reached skill level 1 in Ice Magic
111950 | Depths:4 | Escaped the Abyss
111952 | Depths:4 | Voluntarily entered the Abyss.
112045 | Depths:4 | Escaped the Abyss
112047 | Depths:4 | Voluntarily entered the Abyss.
112182 | Abyss:3  | Found a corrupted altar of Lugonu.
112369 | Depths:4 | Escaped the Abyss
112371 | Depths:4 | Voluntarily entered the Abyss.
112555 | Abyss:3  | Paralysed by accursed screaming for 1 turns
112559 | Abyss:3  | Paralysed by accursed screaming for 1 turns
112721 | Depths:4 | Escaped the Abyss
112723 | Depths:4 | Voluntarily entered the Abyss.
112774 | Abyss:3  | Found a corrupted altar of Lugonu.
112788 | Abyss:3  | Noticed a dread lich
112810 | Abyss:3  | Killed a dread lich
112834 | Abyss:3  | Found a runed translucent door.
112921 | Depths:4 | Escaped the Abyss
112923 | Depths:4 | Voluntarily entered the Abyss.
113258 | Depths:4 | Escaped the Abyss
113630 | Slime:1  | Entered Level 1 of the Pits of Slime
114720 | Slime:2  | Found a viscous altar of Jiyva.
116215 | Slime:3  | Reached skill level 15 in Dodging
117528 | Slime:5  | Entered Level 5 of the Pits of Slime
117697 | Slime:5  | Noticed the Royal Jelly
117998 | Slime:5  | Killed the Royal Jelly
118213 | Slime:5  | Identified the +7 quarterstaff of Inleb {flame, rElec rC-
                  | Str+8 Stlth-}
118327 | Slime:5  | Found the brooch of Shielding {Spirit SH+8}
118336 | Slime:5  | Identified the +5 pair of gloves "Nioky" {rElec rN+ Int-2}
118354 | Slime:5  | Identified the ring of the Shrinking Madman {Fire Drain
                  | Will+ Dex+8}
118385 | Slime:5  | Identified the +8 long sword of the Changing Blowfly
                  | {freeze, +Blink Int+3}
118493 | Slime:5  | Identified the +1 spear of the Stork {flame, Str+2}
118496 | Slime:5  | Identified the +8 fire dragon scales of Minor Irritation
                  | {rElec rF++ rC- Regen+ Str-3 Int+4}
118497 | Slime:5  | Identified the ring "Gyczakur" {rElec rC+ rN+++ Str+3
                  | Stlth-}
118507 | Slime:5  | Got a slimy rune of Zot
118782 | Slime:5  | Upgraded the game from 0.31-a0-889-g1a8549509d to
                  | 0.31-a0-920-g28cbb04a8c
119984 | Slime:5  | Identified the +1 cloak of the Sun {rC- rN+ Int+4}
120025 | Slime:5  | Identified the +4 dagger of the Land of Plenty {freeze, rN+
                  | Will+ Str+3 SInv}
121201 | Depths:2 | Voluntarily entered the Abyss.
121208 | Abyss:3  | Found a corrupted altar of Lugonu.
121229 | Abyss:3  | Paralysed by accursed screaming for 1 turns
121311 | Abyss:3  | Paralysed by accursed screaming for 2 turns
121696 | Abyss:3  | Got an abyssal rune of Zot
121704 | Depths:2 | Escaped the Abyss
121706 | Depths:2 | Voluntarily entered the Abyss.
121778 | Depths:2 | Escaped the Abyss
121780 | Depths:2 | Voluntarily entered the Abyss.
121876 | Abyss:3  | Found a corrupted altar of Lugonu.
121881 | Abyss:3  | Identified the "Imuask"
121965 | Abyss:3  | Reached skill level 5 in Fire Magic
121978 | Depths:2 | Escaped the Abyss
121980 | Depths:2 | Voluntarily entered the Abyss.
122008 | Abyss:3  | Reached skill level 5 in Ice Magic
122012 | Depths:2 | Escaped the Abyss
122014 | Depths:2 | Voluntarily entered the Abyss.
122058 | Depths:2 | Escaped the Abyss
122060 | Depths:2 | Voluntarily entered the Abyss.
122086 | Depths:2 | Escaped the Abyss
122088 | Depths:2 | Voluntarily entered the Abyss.
122155 | Abyss:3  | Paralysed by accursed screaming for 1 turns
122168 | Abyss:3  | Paralysed by accursed screaming for 1 turns
122207 | Abyss:3  | Noticed an ancient lich
122212 | Abyss:3  | Found a corrupted altar of Lugonu.
122292 | Abyss:3  | Noticed a dread lich
122306 | Abyss:3  | Killed a dread lich
122311 | Depths:2 | Escaped the Abyss
122313 | Depths:2 | Voluntarily entered the Abyss.
122440 | Abyss:3  | Found a corrupted altar of Lugonu.
122585 | Abyss:3  | Found a corrupted altar of Lugonu.
122608 | Abyss:3  | Paralysed by accursed screaming for 1 turns
122625 | Abyss:3  | Paralysed by accursed screaming for 1 turns
122683 | Depths:2 | Escaped the Abyss
122685 | Depths:2 | Voluntarily entered the Abyss.
122721 | Depths:2 | Escaped the Abyss
122723 | Depths:2 | Voluntarily entered the Abyss.
122738 | Abyss:3  | Found a corrupted altar of Lugonu.
122862 | Abyss:3  | Found a corrupted altar of Lugonu.
122954 | Depths:2 | Escaped the Abyss
122956 | Depths:2 | Voluntarily entered the Abyss.
122987 | Depths:2 | Escaped the Abyss
122989 | Depths:2 | Voluntarily entered the Abyss.
123034 | Abyss:3  | Found a corrupted altar of Lugonu.
123071 | Abyss:3  | Found a corrupted altar of Lugonu.
123091 | Depths:2 | Escaped the Abyss
123093 | Depths:2 | Voluntarily entered the Abyss.
123143 | Depths:2 | Escaped the Abyss
123145 | Depths:2 | Voluntarily entered the Abyss.
123159 | Abyss:3  | Found a corrupted altar of Lugonu.
123371 | Abyss:4  | Identified the of Ejuypp
123371 | Abyss:4  | Identified the of Wiuttai
123371 | Abyss:4  | Identified the "Caguro"
123371 | Abyss:4  | Identified the "Wuroit"
123371 | Abyss:4  | Identified the "Tentogyc"
123371 | Abyss:4  | Identified the "Ejoluah"
123371 | Abyss:4  | Identified the of Regynasch
123371 | Abyss:4  | Identified the "Okiots"
123448 | Depths:2 | Escaped the Abyss
123450 | Depths:2 | Voluntarily entered the Abyss.
123464 | Depths:2 | Escaped the Abyss
123466 | Depths:2 | Voluntarily entered the Abyss.
123515 | Depths:2 | Escaped the Abyss
123517 | Depths:2 | Voluntarily entered the Abyss.
123537 | Depths:2 | Escaped the Abyss
123539 | Depths:2 | Voluntarily entered the Abyss.
123595 | Depths:2 | Escaped the Abyss
123597 | Depths:2 | Voluntarily entered the Abyss.
123604 | Abyss:4  | Found a corrupted altar of Lugonu.
123619 | Depths:2 | Escaped the Abyss
123621 | Depths:2 | Voluntarily entered the Abyss.
123745 | Depths:2 | Escaped the Abyss
123747 | Depths:2 | Voluntarily entered the Abyss.
123747 | Abyss:4  | Found a corrupted altar of Lugonu.
123811 | Abyss:4  | Found a corrupted altar of Lugonu.
123821 | Abyss:4  | Found a corrupted altar of Lugonu.
123927 | Depths:2 | Escaped the Abyss
123929 | Depths:2 | Voluntarily entered the Abyss.
123972 | Abyss:4  | Found a shimmering altar of Xom.
123977 | Depths:2 | Escaped the Abyss
123979 | Depths:2 | Voluntarily entered the Abyss.
124076 | Abyss:4  | Noticed a dread lich
124087 | Abyss:4  | Killed a dread lich
124110 | Abyss:4  | Found a corrupted altar of Lugonu.
124180 | Depths:2 | Escaped the Abyss
124188 | Depths:2 | Voluntarily entered the Abyss.
124403 | Abyss:4  | Noticed a dread lich
124413 | Abyss:4  | Killed a dread lich
124456 | Depths:2 | Escaped the Abyss
124472 | Depths:2 | Voluntarily entered the Abyss.
124472 | Abyss:4  | Found a corrupted altar of Lugonu.
124474 | Abyss:4  | Found a corrupted altar of Lugonu.
124490 | Abyss:4  | Found a corrupted altar of Lugonu.
124493 | Depths:2 | Escaped the Abyss
124495 | Depths:2 | Voluntarily entered the Abyss.
124495 | Abyss:4  | Identified the of Tores
124495 | Abyss:4  | Identified the "Negoed"
124495 | Abyss:4  | Identified the "Udedos"
124495 | Abyss:4  | Identified the "Qycuthrail"
124495 | Abyss:4  | Identified the of Eseot Joon
124495 | Abyss:4  | Identified the of Soxoe
124495 | Abyss:4  | Identified the "Neoppuca"
124495 | Abyss:4  | Identified the "Kuffi"
124495 | Abyss:4  | Identified the of Lonasa
124797 | Depths:2 | Escaped the Abyss
124799 | Depths:2 | Voluntarily entered the Abyss.
124800 | Abyss:4  | Found a corrupted altar of Lugonu.
124841 | Abyss:4  | Identified the "Qoiwn"
124841 | Abyss:4  | Identified the "Vieciym"
124841 | Abyss:4  | Identified the of Adwis
124841 | Abyss:4  | Identified the "Cipitzagi"
124841 | Abyss:4  | Identified the "Mafaarr"
124841 | Abyss:4  | Identified the "Nirucate"
124841 | Abyss:4  | Identified the "Memapom"
124841 | Abyss:4  | Identified the "Yssasm"
124848 | Abyss:4  | Found a corrupted altar of Lugonu.
124849 | Abyss:4  | Paralysed by accursed screaming for 2 turns
124919 | Abyss:4  | Found a corrupted altar of Lugonu.
124932 | Depths:2 | Escaped the Abyss
124934 | Depths:2 | Voluntarily entered the Abyss.
124947 | Abyss:4  | Found a corrupted altar of Lugonu.
125084 | Depths:2 | Escaped the Abyss
125086 | Depths:2 | Voluntarily entered the Abyss.
125086 | Abyss:4  | Found a corrupted altar of Lugonu.
125123 | Depths:2 | Escaped the Abyss
125125 | Depths:2 | Voluntarily entered the Abyss.
125126 | Abyss:4  | Found a corrupted altar of Lugonu.
125162 | Depths:2 | Escaped the Abyss
125164 | Depths:2 | Voluntarily entered the Abyss.
125190 | Abyss:4  | Noticed a dread lich
125200 | Abyss:4  | Killed a dread lich
125204 | Depths:2 | Escaped the Abyss
125206 | Depths:2 | Voluntarily entered the Abyss.
125206 | Abyss:4  | Found a corrupted altar of Lugonu.
125232 | Depths:2 | Escaped the Abyss
125234 | Depths:2 | Voluntarily entered the Abyss.
125433 | Abyss:4  | Found a corrupted altar of Lugonu.
125515 | Depths:2 | Escaped the Abyss
125617 | Depths:2 | Voluntarily entered the Abyss.
125873 | Depths:2 | Escaped the Abyss
125875 | Depths:2 | Voluntarily entered the Abyss.
125887 | Depths:2 | Escaped the Abyss
125889 | Depths:2 | Voluntarily entered the Abyss.
125889 | Abyss:4  | Found a corrupted altar of Lugonu.
125914 | Abyss:4  | Found a corrupted altar of Lugonu.
126147 | Depths:2 | Escaped the Abyss
126149 | Depths:2 | Voluntarily entered the Abyss.
126186 | Abyss:4  | Identified the +5 tower shield of Fiecobb {Drain Regen+
                  | Dex+4}
126189 | Abyss:4  | Found a corrupted altar of Lugonu.
126418 | Abyss:4  | Paralysed by accursed screaming for 1 turns
126457 | Depths:2 | Escaped the Abyss
126459 | Depths:2 | Voluntarily entered the Abyss.
126843 | Depths:2 | Escaped the Abyss
126845 | Depths:2 | Voluntarily entered the Abyss.
126845 | Abyss:4  | Found a corrupted altar of Lugonu.
126853 | Depths:2 | Escaped the Abyss
126855 | Depths:2 | Voluntarily entered the Abyss.
126898 | Depths:2 | Escaped the Abyss
126900 | Depths:2 | Voluntarily entered the Abyss.
126978 | Abyss:4  | Found a corrupted altar of Lugonu.
127008 | Depths:2 | Escaped the Abyss
127010 | Depths:2 | Voluntarily entered the Abyss.
127236 | Depths:2 | Escaped the Abyss
127238 | Depths:2 | Voluntarily entered the Abyss.
127257 | Abyss:4  | Found a transporter.
127460 | Abyss:4  | Paralysed by an air elemental for 1 turns
127467 | Depths:2 | Escaped the Abyss
127469 | Depths:2 | Voluntarily entered the Abyss.
127478 | Depths:2 | Escaped the Abyss
127480 | Depths:2 | Voluntarily entered the Abyss.
127480 | Abyss:4  | Found a corrupted altar of Lugonu.
127644 | Depths:2 | Escaped the Abyss
127646 | Depths:2 | Voluntarily entered the Abyss.
127646 | Abyss:4  | Found a corrupted altar of Lugonu.
127648 | Abyss:4  | Found a corrupted altar of Lugonu.
127702 | Abyss:4  | Reached skill level 27 in Shields
127744 | Abyss:4  | Paralysed by accursed screaming for 1 turns
127769 | Abyss:4  | Reached skill level 5 in Spellcasting
127780 | Depths:2 | Escaped the Abyss
127782 | Depths:2 | Voluntarily entered the Abyss.
127919 | Depths:2 | Escaped the Abyss
127921 | Depths:2 | Voluntarily entered the Abyss.
127931 | Abyss:4  | Found a corrupted altar of Lugonu.
127951 | Abyss:4  | Noticed a dread lich
127966 | Abyss:4  | Killed a dread lich
128178 | Depths:2 | Escaped the Abyss
128180 | Depths:2 | Voluntarily entered the Abyss.
128387 | Depths:2 | Escaped the Abyss
128389 | Depths:2 | Voluntarily entered the Abyss.
128392 | Abyss:4  | Found a corrupted altar of Lugonu.
128567 | Abyss:4  | Paralysed by accursed screaming for 1 turns
128591 | Depths:2 | Escaped the Abyss
128595 | Depths:2 | Voluntarily entered the Abyss.
128824 | Depths:2 | Escaped the Abyss
128826 | Depths:2 | Voluntarily entered the Abyss.
128851 | Abyss:4  | Noticed an ancient lich
128864 | Abyss:4  | Killed an ancient lich
128920 | Abyss:4  | Paralysed by an air elemental for 1 turns
128951 | Abyss:4  | Found a corrupted altar of Lugonu.
128970 | Abyss:4  | Found a candlelit altar of Ignis.
128971 | Abyss:4  | Found a corrupted altar of Lugonu.
129052 | Depths:2 | Escaped the Abyss
129054 | Depths:2 | Voluntarily entered the Abyss.
129118 | Depths:2 | Escaped the Abyss
129120 | Depths:2 | Voluntarily entered the Abyss.
129322 | Depths:2 | Escaped the Abyss
129324 | Depths:2 | Voluntarily entered the Abyss.
129324 | Abyss:4  | Found a corrupted altar of Lugonu.
129337 | Abyss:4  | Found a corrupted altar of Lugonu.
129381 | Depths:2 | Escaped the Abyss
129383 | Depths:2 | Voluntarily entered the Abyss.
129613 | Abyss:4  | Noticed an ancient lich
129627 | Abyss:4  | Killed an ancient lich
129668 | Depths:2 | Escaped the Abyss
129670 | Depths:2 | Voluntarily entered the Abyss.
129694 | Depths:2 | Escaped the Abyss
129696 | Depths:2 | Voluntarily entered the Abyss.
129705 | Abyss:4  | Found a corrupted altar of Lugonu.
129784 | Depths:2 | Escaped the Abyss
129786 | Depths:2 | Voluntarily entered the Abyss.
129787 | Abyss:4  | Noticed an ancient lich
129802 | Abyss:4  | Killed an ancient lich
129830 | Abyss:4  | Paralysed by accursed screaming for 1 turns
130052 | Depths:2 | Escaped the Abyss
130054 | Depths:2 | Voluntarily entered the Abyss.
130067 | Abyss:4  | Found a corrupted altar of Lugonu.
130074 | Abyss:4  | Found a corrupted altar of Lugonu.
130097 | Abyss:4  | Found a corrupted altar of Lugonu.
130257 | Abyss:4  | Found a corrupted altar of Lugonu.
130323 | Depths:2 | Escaped the Abyss
130325 | Depths:2 | Voluntarily entered the Abyss.
130325 | Abyss:4  | Found a corrupted altar of Lugonu.
130423 | Abyss:4  | Found a corrupted altar of Lugonu.
130527 | Depths:2 | Escaped the Abyss
130529 | Depths:2 | Voluntarily entered the Abyss.
130539 | Abyss:4  | Paralysed by accursed screaming for 1 turns
130563 | Abyss:4  | Found a corrupted altar of Lugonu.
130661 | Abyss:4  | Paralysed by accursed screaming for 1 turns
130688 | Depths:2 | Escaped the Abyss
130716 | Depths:2 | Voluntarily entered the Abyss.
130931 | Depths:2 | Escaped the Abyss
130933 | Depths:2 | Voluntarily entered the Abyss.
131134 | Depths:2 | Escaped the Abyss
131136 | Depths:2 | Voluntarily entered the Abyss.
131137 | Abyss:4  | Found a corrupted altar of Lugonu.
131420 | Depths:2 | Escaped the Abyss
131422 | Depths:2 | Voluntarily entered the Abyss.
131541 | Depths:2 | Escaped the Abyss
131543 | Depths:2 | Voluntarily entered the Abyss.
131636 | Abyss:4  | Found a corrupted altar of Lugonu.
131659 | Abyss:4  | Noticed an ancient lich
131671 | Abyss:4  | Killed an ancient lich
131724 | Abyss:4  | Paralysed by accursed screaming for 2 turns
131774 | Depths:2 | Escaped the Abyss
131776 | Depths:2 | Voluntarily entered the Abyss.
131790 | Depths:2 | Escaped the Abyss
131792 | Depths:2 | Voluntarily entered the Abyss.
131793 | Abyss:4  | Found a corrupted altar of Lugonu.
131834 | Depths:2 | Escaped the Abyss
131836 | Depths:2 | Voluntarily entered the Abyss.
131836 | Abyss:4  | Found a corrupted altar of Lugonu.
131862 | Abyss:4  | Found a corrupted altar of Lugonu.
132116 | Depths:2 | Escaped the Abyss
132118 | Depths:2 | Voluntarily entered the Abyss.
132143 | Depths:2 | Escaped the Abyss
132145 | Depths:2 | Voluntarily entered the Abyss.
132145 | Abyss:4  | Found a corrupted altar of Lugonu.
132175 | Abyss:4  | Noticed a dread lich
132176 | Abyss:4  | Found a corrupted altar of Lugonu.
132185 | Abyss:4  | Killed a dread lich
132284 | Abyss:4  | Reached skill level 10 in Fire Magic
132289 | Depths:2 | Escaped the Abyss
132291 | Depths:2 | Voluntarily entered the Abyss.
132350 | Depths:2 | Escaped the Abyss
132352 | Depths:2 | Voluntarily entered the Abyss.
132375 | Depths:2 | Escaped the Abyss
132377 | Depths:2 | Voluntarily entered the Abyss.
132502 | Abyss:4  | Found a corrupted altar of Lugonu.
132648 | Depths:2 | Escaped the Abyss
132650 | Depths:2 | Voluntarily entered the Abyss.
132693 | Depths:2 | Escaped the Abyss
132695 | Depths:2 | Voluntarily entered the Abyss.
132911 | Abyss:4  | Reached skill level 15 in Invocations
132971 | Abyss:4  | Reached skill level 10 in Ice Magic
132998 | Depths:2 | Escaped the Abyss
133000 | Depths:2 | Voluntarily entered the Abyss.
133232 | Abyss:4  | Paralysed by accursed screaming for 1 turns
133305 | Abyss:4  | Reached skill level 10 in Spellcasting
133320 | Depths:2 | Escaped the Abyss
133322 | Depths:2 | Voluntarily entered the Abyss.
133407 | Depths:2 | Escaped the Abyss
133409 | Depths:2 | Voluntarily entered the Abyss.
133416 | Abyss:4  | Found a corrupted altar of Lugonu.
133430 | Depths:2 | Escaped the Abyss
133432 | Depths:2 | Voluntarily entered the Abyss.
133707 | Depths:2 | Escaped the Abyss
133709 | Depths:2 | Voluntarily entered the Abyss.
133728 | Depths:2 | Escaped the Abyss
133730 | Depths:2 | Voluntarily entered the Abyss.
133730 | Abyss:4  | Found a corrupted altar of Lugonu.
133813 | Depths:2 | Escaped the Abyss
133815 | Depths:2 | Voluntarily entered the Abyss.
133894 | Abyss:4  | Noticed a dread lich
133909 | Abyss:4  | Killed a dread lich
133970 | Depths:2 | Escaped the Abyss
133972 | Depths:2 | Voluntarily entered the Abyss.
133972 | Abyss:4  | Found a corrupted altar of Lugonu.
133986 | Depths:2 | Escaped the Abyss
133988 | Depths:2 | Voluntarily entered the Abyss.
134232 | Depths:2 | Escaped the Abyss
134234 | Depths:2 | Voluntarily entered the Abyss.
134246 | Abyss:4  | Found a corrupted altar of Lugonu.
134253 | Depths:2 | Escaped the Abyss
134255 | Depths:2 | Voluntarily entered the Abyss.
134288 | Abyss:4  | Reached skill level 27 in Fighting
134357 | Abyss:4  | Found a corrupted altar of Lugonu.
134427 | Depths:2 | Escaped the Abyss
134429 | Depths:2 | Voluntarily entered the Abyss.
134429 | Abyss:4  | Found a corrupted altar of Lugonu.
134595 | Abyss:4  | Paralysed by accursed screaming for 2 turns
134613 | Abyss:4  | Paralysed by accursed screaming for 2 turns
134629 | Abyss:4  | Paralysed by accursed screaming for 2 turns
134648 | Abyss:4  | Paralysed by accursed screaming for 2 turns
134808 | Depths:2 | Escaped the Abyss
134810 | Depths:2 | Voluntarily entered the Abyss.
134820 | Abyss:4  | Found a corrupted altar of Lugonu.
134968 | Depths:2 | Escaped the Abyss
134999 | Depths:2 | Voluntarily entered the Abyss.
135085 | Depths:2 | Escaped the Abyss
135087 | Depths:2 | Voluntarily entered the Abyss.
135087 | Abyss:4  | Found a corrupted altar of Lugonu.
135218 | Depths:2 | Escaped the Abyss
135220 | Depths:2 | Voluntarily entered the Abyss.
135406 | Depths:2 | Escaped the Abyss
135509 | Zot:1    | Entered Level 1 of the Realm of Zot
135800 | Zot:1    | Found a transporter.
135802 | Zot:1    | Noticed Qephaces's ghost (veteran GnGl)
136107 | Zot:1    | Noticed a dread lich
136114 | Zot:1    | Noticed a dread lich
136117 | Zot:1    | Found a transporter.
136801 | Zot:2    | Found a runed translucent gate.
136804 | Zot:2    | Found a runed translucent gate.
136804 | Zot:2    | Found a runed translucent gate.
136825 | Zot:2    | Noticed an orb of fire
136854 | Zot:2    | Killed an orb of fire
136918 | Zot:2    | Noticed Giurur's ghost (veteran OgBe)
137027 | Zot:2    | Noticed an orb of fire
137040 | Zot:2    | Killed an orb of fire
137223 | Zot:2    | Killed Giurur's ghost
137798 | Zot:3    | Identified the +0 leather armour "Catt" {rPois Regen+ SInv}
138094 | Zot:4    | Identified the +9 morningstar of Blood {freeze, rF- rC+
                  | Will+ Dex+6}
139177 | Depths:4 | Voluntarily entered the Abyss.
139217 | Depths:4 | Escaped the Abyss
139219 | Depths:4 | Voluntarily entered the Abyss.
139223 | Abyss:4  | Found a corrupted altar of Lugonu.
139262 | Depths:4 | Escaped the Abyss
139264 | Depths:4 | Voluntarily entered the Abyss.
139439 | Abyss:4  | Paralysed by accursed screaming for 2 turns
139450 | Abyss:4  | Paralysed by accursed screaming for 1 turns
139465 | Depths:4 | Escaped the Abyss
139467 | Depths:4 | Voluntarily entered the Abyss.
139469 | Abyss:4  | Found a corrupted altar of Lugonu.
139710 | Depths:4 | Escaped the Abyss
139712 | Depths:4 | Voluntarily entered the Abyss.
139712 | Abyss:4  | Found a corrupted altar of Lugonu.
139734 | Abyss:5  | Found a corrupted altar of Lugonu.
139783 | Depths:4 | Escaped the Abyss
139785 | Depths:4 | Voluntarily entered the Abyss.
139795 | Abyss:5  | Found a shimmering altar of Xom.
139795 | Abyss:5  | Found a shimmering altar of Xom.
139797 | Abyss:5  | Found a shimmering altar of Xom.
139797 | Abyss:5  | Found a shimmering altar of Xom.
139797 | Abyss:5  | Found a shimmering altar of Xom.
139797 | Abyss:5  | Found a shimmering altar of Xom.
139797 | Abyss:5  | Found a corrupted altar of Lugonu.
139797 | Abyss:5  | Found a shimmering altar of Xom.
139798 | Abyss:5  | Found a shimmering altar of Xom.
139800 | Abyss:5  | Found a shimmering altar of Xom.
139802 | Abyss:5  | Found a shimmering altar of Xom.
139802 | Abyss:5  | Found a shimmering altar of Xom.
139802 | Abyss:5  | Found a shimmering altar of Xom.
139802 | Abyss:5  | Found a shimmering altar of Xom.
139803 | Abyss:5  | Found a shimmering altar of Xom.
139803 | Abyss:5  | Found a shimmering altar of Xom.
139859 | Depths:4 | Escaped the Abyss
139861 | Depths:4 | Voluntarily entered the Abyss.
139911 | Abyss:5  | Found a basalt altar of Yredelemnul.
139968 | Abyss:5  | Found a basalt altar of Yredelemnul.
140024 | Abyss:5  | Found a basalt altar of Yredelemnul.
140071 | Depths:4 | Escaped the Abyss
140075 | Depths:4 | Voluntarily entered the Abyss.
140134 | Abyss:5  | Paralysed by accursed screaming for 1 turns
140145 | Abyss:5  | Paralysed by accursed screaming for 1 turns
140162 | Depths:4 | Escaped the Abyss
140164 | Depths:4 | Voluntarily entered the Abyss.
140179 | Depths:4 | Escaped the Abyss
140181 | Depths:4 | Voluntarily entered the Abyss.
140183 | Abyss:5  | Found a corrupted altar of Lugonu.
140326 | Depths:4 | Escaped the Abyss
140328 | Depths:4 | Voluntarily entered the Abyss.
140481 | Abyss:5  | Paralysed by accursed screaming for 1 turns
140492 | Abyss:5  | Reached skill level 15 in Fire Magic
140504 | Abyss:5  | Found a corrupted altar of Lugonu.
140508 | Abyss:5  | Found a burning altar of Makhleb.
140585 | Abyss:5  | Reached skill level 15 in Ice Magic
140627 | Depths:4 | Escaped the Abyss
140629 | Depths:4 | Voluntarily entered the Abyss.
140675 | Abyss:5  | Found a corrupted altar of Lugonu.
140855 | Depths:4 | Escaped the Abyss
140857 | Depths:4 | Voluntarily entered the Abyss.
140857 | Abyss:5  | Found a corrupted altar of Lugonu.
140902 | Depths:4 | Escaped the Abyss
140904 | Depths:4 | Voluntarily entered the Abyss.
140915 | Depths:4 | Escaped the Abyss
140917 | Depths:4 | Voluntarily entered the Abyss.
140923 | Depths:4 | Escaped the Abyss
140925 | Depths:4 | Voluntarily entered the Abyss.
141001 | Depths:4 | Escaped the Abyss
141003 | Depths:4 | Voluntarily entered the Abyss.
141045 | Depths:4 | Escaped the Abyss
141085 | Depths:4 | Voluntarily entered the Abyss.
141091 | Depths:4 | Escaped the Abyss
141093 | Depths:4 | Voluntarily entered the Abyss.
141253 | Abyss:5  | Found a corrupted altar of Lugonu.
141272 | Depths:4 | Escaped the Abyss
141274 | Depths:4 | Voluntarily entered the Abyss.
141275 | Abyss:5  | Found a corrupted altar of Lugonu.
141282 | Abyss:5  | Found a corrupted altar of Lugonu.
141299 | Abyss:5  | Found a corrupted altar of Lugonu.
141423 | Abyss:5  | Found a corrupted altar of Lugonu.
141444 | Depths:4 | Escaped the Abyss
141446 | Depths:4 | Voluntarily entered the Abyss.
141669 | Depths:4 | Escaped the Abyss
141671 | Depths:4 | Voluntarily entered the Abyss.
141777 | Abyss:5  | Found a shadowy altar of Dithmenos.
141816 | Abyss:5  | Found a shadowy altar of Dithmenos.
141901 | Abyss:5  | Found a shadowy altar of Dithmenos.
142004 | Abyss:5  | Found a shadowy altar of Dithmenos.
142009 | Abyss:5  | Paralysed by accursed screaming for 2 turns
142080 | Abyss:6  | Paralysed by accursed screaming for 1 turns
142177 | Depths:4 | Escaped the Abyss
142384 | Depths:4 | Voluntarily entered the Abyss.
142535 | Abyss:6  | Paralysed by accursed screaming for 1 turns
142540 | Depths:4 | Escaped the Abyss
142783 | Zot:5    | Entered Level 5 of the Realm of Zot
143488 | Hell     | Entered the Vestibule of Hell
143488 | Hell     | Noticed Geryon
143521 | Hell     | Killed Geryon
143553 | Hell     | Found a gateway to the decaying netherworld of Tartarus.
143724 | Hell     | Found a gateway to the Iron City of Dis.
143765 | Hell     | Found a gateway to the freezing wastes of Cocytus.
143868 | Hell     | Found a gateway to the ashen valley of Gehenna.
143983 | Tomb:3   | Identified the "Zonludej"
143983 | Tar:7    | Identified the "Jure"
143983 | Tar:7    | Identified the "Ned Niss"
143983 | Tar:7    | Identified the of Joibb
143983 | Coc:1    | Entered Level 1 of Cocytus
143988 | Coc:1    | Paralysed by a wendigo for 1 turns
144000 | Coc:1    | Paralysed by a wendigo for 1 turns
144009 | Coc:1    | Paralysed by a wendigo for 1 turns
144066 | Coc:1    | Paralysed by a wendigo for 1 turns
144071 | Coc:1    | Paralysed by a wendigo for 1 turns
145179 | Coc:5    | Paralysed by a wendigo for 1 turns
145193 | Coc:5    | Paralysed by a wendigo for 1 turns
145497 | Coc:7    | Entered Level 7 of Cocytus
145526 | Coc:7    | Paralysed by a wendigo for 1 turns
145601 | Coc:7    | Paralysed by a wendigo for 1 turns
145640 | Coc:7    | Noticed the Serpent of Hell
145674 | Coc:7    | Killed the Serpent of Hell
146007 | Coc:7    | Paralysed by a wendigo for 1 turns
146012 | Coc:7    | Paralysed by a wendigo for 1 turns
146271 | Coc:7    | Noticed Antaeus
146311 | Coc:7    | Killed Antaeus
146331 | Coc:7    | Got an icy rune of Zot
146337 | Coc:7    | Identified the staff "Bumin" {rElec rF++ rCorr Str-5 Conj}
146820 | Geh:1    | Entered Level 1 of Gehenna
146821 | Geh:1    | You fall into a shaft and drop 1 floor!
147467 | Tar:1    | Entered Level 1 of Tartarus
147977 | Tar:3    | Reached skill level 15 in Spellcasting
148069 | Tar:3    | You fall into a shaft and drop 2 floors!
149036 | Tar:7    | Entered Level 7 of Tartarus
150534 | Tar:7    | Noticed Ereshkigal
150553 | Tar:7    | Killed Ereshkigal
150592 | Tar:7    | Got a bone rune of Zot
150817 | Tar:7    | Identified the +8 long sword of Painful Death {freeze,
                  | Int+3}
151473 | Pan      | Entered Pandemonium
151595 | Pan      | Found a runed translucent door.
151994 | Pan      | Noticed Rotafoum the pandemonium lord
151997 | Pan      | Found a runed translucent door.
152003 | Pan      | Found a runed translucent door.
152003 | Pan      | Found a runed translucent door.
152022 | Pan      | Killed Rotafoum the pandemonium lord
152200 | Pan      | Noticed Jeqeagukk the pandemonium lord
152217 | Pan      | Killed Jeqeagukk the pandemonium lord
152406 | Pan      | Found an exit through the horrors of the Abyss.
152791 | Depths:2 | Escaped Pandemonium
152793 | Pan      | Entered Pandemonium
152910 | Pan      | Noticed Siybaiq the pandemonium lord
152932 | Pan      | Killed Siybaiq the pandemonium lord
153582 | Pan      | Identified the +0 robe of the Rhinotaur {Will+ rCorr Str+8
                  | Int-4}
154029 | Pan      | Noticed Qywoabon the pandemonium lord
154045 | Pan      | Killed Qywoabon the pandemonium lord
154345 | Pan      | Found an exit through the horrors of the Abyss.
155299 | Depths:2 | Escaped Pandemonium
155301 | Pan      | Entered Pandemonium
155497 | Pan      | Noticed Mafos the pandemonium lord
155511 | Pan      | Killed Mafos the pandemonium lord
156086 | Pan      | Identified the of Ikhekurgh
156662 | Pan      | Identified the +0 tower shield of the Harvest Moon {Will+}
156664 | Pan      | Found a glowing silver altar of Zin.
157012 | Pan      | Acquired the amulet "Egeall" {Reflect Int+3 Dex-2 Slay+6
                  | SH+5 Stlth-}
157134 | Pan      | Found a glowing golden altar of the Shining One.
157136 | Pan      | Noticed a seraph
157152 | Pan      | Killed a seraph
157216 | Pan      | Identified the ring "Poekuol" {rElec MP+9}
157226 | Pan      | Got a demonic rune of Zot
157230 | Pan      | Identified the staff of Royalism {Contam +Blink rElec rPois
                  | rN++ Air}
157233 | Pan      | Identified the +6 double sword of Wariness {flame, Fragile
                  | +Blink rPois Stlth+}
158920 | Depths:2 | Escaped Pandemonium
158922 | Pan      | Entered Pandemonium
158971 | Pan      | Noticed Qilim the pandemonium lord
158985 | Pan      | Killed Qilim the pandemonium lord
160261 | Pan      | Noticed Oxza Poitwe the pandemonium lord
160279 | Pan      | Killed Oxza Poitwe the pandemonium lord
160324 | Depths:2 | Escaped Pandemonium
160349 | Pan      | Entered the realm of Gloorx Vloq.
160349 | Pan      | Entered Pandemonium
160479 | Pan      | Noticed Gloorx Vloq
160496 | Pan      | Killed Gloorx Vloq
160584 | Pan      | Got a dark rune of Zot
160970 | Pan      | Found an exit through the horrors of the Abyss.
161478 | Pan      | Entered the realm of Cerebov.
161612 | Pan      | Identified the +1 glaive "Deunio" {pain, rElec rN+ Int+3}
161612 | Pan      | Identified the amulet "Teffoch" {Faith rN+}
161664 | Pan      | Found an exit through the horrors of the Abyss.
162037 | Pan      | Identified the amulet "Zavoam" {RegenMP rN+++ Will- Str+4
                  | Slay+5}
162043 | Pan      | Found the +6 sword of Cerebov {flame}
162043 | Pan      | Noticed Cerebov
162046 | Pan      | Identified the +3 quarterstaff "Aghav" {drain, Int-5 Dex+5
                  | SInv}
162095 | Pan      | Killed Cerebov
162250 | Pan      | Identified the +1 rapier of Ruly {venom, rElec rC+ Int+2}
162314 | Pan      | Got a fiery rune of Zot
162337 | Pan      | Identified the ring of Xom's Attic {*Slow rCorr Str+6
                  | Stlth+}
162346 | Pan      | Identified the +1 ring mail of the Eternal Fruit {Will-
                  | Str+7 SInv}
162402 | Pan      | Identified the +5 chain mail of Jomaha {Str-5 SInv Stlth+}
162483 | Pan      | Identified the +5 ring mail of the Trees {rElec Dex+5
                  | Slay-2}
162688 | Pan      | Reached skill level 27 in Ice Magic
162772 | Pan      | Found an exit through the horrors of the Abyss.
162828 | Pan      | Noticed Enabuesm the pandemonium lord
162843 | Pan      | Killed Enabuesm the pandemonium lord
163490 | Pan      | Found an exit through the horrors of the Abyss.
163577 | Pan      | Noticed Fihe the pandemonium lord
163595 | Pan      | Killed Fihe the pandemonium lord
164110 | Pan      | Entered the realm of Mnoleg.
164117 | Pan      | Noticed Mnoleg
164150 | Pan      | Killed Mnoleg
164363 | Pan      | Identified the +5 trident of the Shore {heavy, rCorr}
164426 | Pan      | Found an exit through the horrors of the Abyss.
164818 | Pan      | Got a glowing rune of Zot
164966 | Pan      | Noticed Januek the pandemonium lord
164976 | Pan      | Killed Januek the pandemonium lord
165037 | Pan      | Found an exit through the horrors of the Abyss.
165648 | Pan      | Entered the realm of Lom Lobon.
165699 | Pan      | Found an exit through the horrors of the Abyss.
165809 | Pan      | Acquired 931 gold pieces
165811 | Pan      | Acquired 595 gold pieces
166232 | Pan      | Noticed Lom Lobon
166630 | Pan      | Killed Lom Lobon
167008 | Pan      | Got a magical rune of Zot
167143 | Pan      | Took an exit into the Abyss.
167143 | Abyss:6  | Escaped into the Abyss
167197 | Depths:2 | Escaped the Abyss
167214 | Pan      | Identified the "Sokluniu"
167214 | Pan      | Entered Pandemonium
167349 | Pan      | Identified the +2 robe "Zifiy" {Will+}
167392 | Pan      | Found an exit through the horrors of the Abyss.
167506 | Pan      | Identified the +2 spear of Yluf {protect, Fragile rElec
                  | rPois Str+4}
167628 | Pan      | Noticed Yptib the pandemonium lord
167639 | Pan      | Killed Yptib the pandemonium lord
168156 | Pan      | Noticed Jiwuk the pandemonium lord
168170 | Pan      | Killed Jiwuk the pandemonium lord
168249 | Pan      | Paralysed by you for 2 turns
168470 | Pan      | Found an exit through the horrors of the Abyss.
169147 | Pan      | Took an exit into the Abyss.
169147 | Abyss:6  | Escaped into the Abyss
169248 | Depths:2 | Escaped the Abyss
169297 | Pan      | Entered Pandemonium
169399 | Pan      | Found an exit through the horrors of the Abyss.
169691 | Pan      | Noticed Xautihor the pandemonium lord
169700 | Pan      | Killed Xautihor the pandemonium lord
169727 | Pan      | Noticed Mennas
169737 | Pan      | Killed Mennas
170167 | Depths:2 | Escaped Pandemonium
170527 | Geh:4    | Noticed a dread lich
170536 | Geh:4    | Killed a dread lich
171317 | Geh:7    | Entered Level 7 of Gehenna
172357 | Geh:7    | Found the +13 sceptre of Asmodeus
172357 | Geh:7    | Noticed Asmodeus
172387 | Geh:7    | Killed Asmodeus
172393 | Geh:7    | Found the +7 great mace "Undeadhunter" {deathbane, rN+}
172400 | Geh:7    | Identified the ring "Dudejes" {rN+ Str+6}
172443 | Geh:7    | Identified the +3 mace "Tattletale" {venom, rElec rF+ rC+
                  | Will+}
172445 | Geh:7    | Identified the +5 chain mail of a Million Nights {rPois rF+
                  | Str+3}
172465 | Geh:7    | Identified the +3 trident "Ubujatoyt" {flame, Dex+3}
172479 | Geh:7    | Identified the staff of Uncomfortable Rashes {rC- rN+ Dex+4
                  | Earth}
172487 | Geh:7    | Got an obsidian rune of Zot
172994 | Dis:1    | Entered Level 1 of the Iron City of Dis
173220 | Dis:2    | Noticed an ancient lich
173243 | Dis:2    | Killed an ancient lich
173829 | Dis:4    | Reached skill level 27 in Spellcasting
174745 | Dis:7    | Entered Level 7 of the Iron City of Dis
175539 | Dis:7    | Noticed a juggernaut
175562 | Dis:7    | Killed a juggernaut
175959 | Dis:7    | Found the +7 great mace "Firestarter" {flame, immolate,
                  | rFlCloud rF++}
175965 | Dis:7    | Identified the +6 mace "Keothrehee" {flame, rF- Will+ Str+6
                  | Int-5}
176154 | Dis:7    | Noticed a juggernaut
176164 | Dis:7    | Killed a juggernaut
176221 | Dis:7    | Identified the +7 pearl dragon scales of Farfalle {Rampage
                  | rC+ rN+ Int-5}
176668 | Dis:7    | Noticed Dispater
176672 | Dis:7    | Noticed a juggernaut
176689 | Dis:7    | Killed a juggernaut
176701 | Dis:7    | Killed Dispater
176707 | Dis:7    | Identified the ring "Neizos" {rC+ rN+++ Str+6 Int+2 Stlth+}
176742 | Dis:7    | Got an iron rune of Zot
176966 | Depths:2 | Paralysed by a floating eye for 3 turns
176986 | Zig:1    | Entered Level 1 of a ziggurat
177003 | Zig:2    | Entered Level 2 of a ziggurat
177023 | Zig:3    | Entered Level 3 of a ziggurat
177038 | Zig:4    | Entered Level 4 of a ziggurat
177052 | Zig:4    | Identified the ring "Meros" {Fly rC+ Int+3 Slay+3}
177130 | Zig:5    | Entered Level 5 of a ziggurat
177131 | Zig:5    | Noticed Yhuigez the pandemonium lord
177145 | Zig:5    | Killed Yhuigez the pandemonium lord
177160 | Zig:6    | Identified the of Faahoceo
177160 | Zig:6    | Identified the "Lufemax"
177160 | Zig:6    | Entered Level 6 of a ziggurat
177176 | Zig:6    | Identified the +5 dagger of Revolt {protect, *Noise rPois
                  | MP-9 Dex+6}
177188 | Zig:7    | Entered Level 7 of a ziggurat
177237 | Zig:8    | Identified the "Zexkigh"
177237 | Zig:8    | Entered Level 8 of a ziggurat
177351 | Zig:9    | Entered Level 9 of a ziggurat
177376 | Zig:9    | Identified the ring of Pipruqyw {rElec Will+ MP+9 Str+2}
177398 | Zig:10   | Entered Level 10 of a ziggurat
177426 | Zig:10   | Identified the +0 pair of boots "Ynyr" {rElec Str+4 Int-2}
177533 | Zig:11   | Identified the of Eplezim
177533 | Zig:11   | Entered Level 11 of a ziggurat
177541 | Zig:11   | Noticed a dread lich
177542 | Zig:11   | Noticed a dread lich
177549 | Zig:11   | Killed a dread lich
177551 | Zig:11   | Killed a dread lich
177568 | Zig:11   | Identified the +6 short sword of Simufic {antimagic, Dex+3}
177670 | Zig:12   | Identified the "Biggyalo"
177670 | Zig:12   | Entered Level 12 of a ziggurat
177678 | Zig:12   | Paralysed by an air elemental for 1 turns
177842 | Zig:12   | Identified the +10 broad axe of Xausoz {heavy, Str-5 Dex+8}
177856 | Zig:13   | Entered Level 13 of a ziggurat
177890 | Zig:13   | Reached skill level 27 in Fire Magic
177945 | Zig:13   | Identified the +6 sling of Revolt {freeze, Will+ Dex+2}
177952 | Zig:13   | Identified the ring of Duqo {rC+ Int+6}
178093 | Zig:14   | Entered Level 14 of a ziggurat
178159 | Zig:14   | Identified the ring "Reud" {rPois rN++ rCorr Dex-2}
178191 | Zig:14   | Identified the orb of the Blind Marksman {guile, Rampage
                  | Str+3}
178204 | Zig:15   | Entered Level 15 of a ziggurat
178209 | Zig:15   | Noticed a royal mummy
178211 | Zig:15   | Noticed a royal mummy
178211 | Zig:15   | Noticed a royal mummy
178216 | Zig:15   | Killed a royal mummy
178216 | Zig:15   | Killed a royal mummy
178217 | Zig:15   | Killed a royal mummy
178217 | Zig:15   | Noticed a royal mummy
178218 | Zig:15   | Noticed a royal mummy
178228 | Zig:15   | Killed a royal mummy
178232 | Zig:15   | Killed a royal mummy
178301 | Zig:16   | Entered Level 16 of a ziggurat
178342 | Zig:16   | Identified the ring of the Purple Skies {*Corrode rC+ rN+
                  | Int+6 Dex+5}
178354 | Zig:16   | Identified the staff "Agotwess" {rC+ Str+3 Ice}
178371 | Zig:17   | Entered Level 17 of a ziggurat
178394 | Zig:17   | Reached skill level 27 in Armour
178458 | Zig:17   | Identified the amulet "Qugif" {Acrobat rPois rCorr Int+2}
178466 | Zig:17   | Identified the +4 flail of the Eternal Warrior {elec, Str+4
                  | Int+3}
178475 | Zig:18   | Identified the of Kelecial
178475 | Zig:18   | Entered Level 18 of a ziggurat
178514 | Zig:18   | Identified the staff "Appu" {Contam rElec rPois Will++
                  | Stlth+ Air}
178542 | Zig:18   | Reached skill level 27 in Dodging
178562 | Zig:18   | go for gold
178563 | Zig:19   | Entered Level 19 of a ziggurat
178575 | Zig:19   | Noticed a dread lich
178575 | Zig:19   | Noticed an ancient lich
178577 | Zig:19   | Noticed a dread lich
178583 | Zig:19   | Killed an ancient lich
178585 | Zig:19   | Killed a dread lich
178589 | Zig:19   | Killed a dread lich
178590 | Zig:19   | Noticed a dread lich
178604 | Zig:19   | Killed a dread lich
178614 | Zig:19   | Found the +5 robe of Night {Dark Will+ SInv}
178647 | Zig:19   | Identified the +11 great sword of Terror {speed, *Corrode
                  | rElec Will+++ Stlth-}
178652 | Zig:20   | Entered Level 20 of a ziggurat
178677 | Zig:20   | Noticed a royal mummy
178677 | Zig:20   | Noticed a royal mummy
178678 | Zig:20   | Noticed a royal mummy
178679 | Zig:20   | Noticed a royal mummy
178680 | Zig:20   | Noticed a royal mummy
178681 | Zig:20   | Noticed a royal mummy
178682 | Zig:20   | Killed a royal mummy
178683 | Zig:20   | Noticed a royal mummy
178684 | Zig:20   | Killed a royal mummy
178684 | Zig:20   | Killed a royal mummy
178685 | Zig:20   | Killed a royal mummy
178685 | Zig:20   | Killed a royal mummy
178690 | Zig:20   | Killed a royal mummy
178690 | Zig:20   | Killed a royal mummy
178721 | Zig:20   | Identified the ring of Wanow {rF+ Str+6 Int+3}
178758 | Zig:20   | Identified the +0 trident of Xaptiorch {heavy, rF++ Int-4}
178766 | Zig:21   | Identified the of Zoberr
178766 | Zig:21   | Entered Level 21 of a ziggurat
178826 | Zig:21   | Found the +7 sceptre of Torment {pain, torment}
178827 | Zig:21   | Found the amulet of the Air {Inacc Air Fly rElec RMsl}
178840 | Zig:21   | Identified the ring of Autotheism {Fly Slay+5}
178850 | Zig:21   | Identified the staff of Res Nullius {rC- MP+9 Int+4 SInv
                  | Conj}
178859 | Zig:21   | Identified the ring of the Ninety-Nine Cities {Wiz *Slow
                  | Str+9 Dex+3}
178877 | Zig:22   | Entered Level 22 of a ziggurat
178882 | Zig:22   | Paralysed by a floating eye for 4 turns
178887 | Zig:22   | Paralysed by a floating eye for 4 turns
178942 | Zig:22   | Reached skill level 27 in Shapeshifting
179019 | Zig:22   | Identified the ring of Nytas {Wiz Dex+2}
179046 | Zig:22   | Identified the +2 dagger of Elot {protect, rF+}
179049 | Zig:22   | Identified the scarf of Reason {+Inv, Harm rF+ Int+2}
179053 | Zig:22   | Identified the ring of Pabirghud {Wiz rF+}
179089 | Zig:23   | Identified the "Colich"
179089 | Zig:23   | Identified the "Goosipro"
179089 | Zig:23   | Identified the "Kaodeidani"
179089 | Zig:23   | Entered Level 23 of a ziggurat
179098 | Zig:23   | Noticed an ancient lich
179106 | Zig:23   | Killed an ancient lich
179108 | Zig:23   | Noticed a dread lich
179117 | Zig:23   | Noticed an ancient lich
179122 | Zig:23   | Killed a dread lich
179143 | Zig:23   | Killed an ancient lich
179156 | Zig:23   | Found the +8 autumn katana {manifold assault}
179286 | Zig:24   | Entered Level 24 of a ziggurat
179301 | Zig:24   | Noticed a dread lich
179304 | Zig:24   | Noticed a dread lich
179308 | Zig:24   | Noticed an ancient lich
179310 | Zig:24   | Killed a dread lich
179310 | Zig:24   | Noticed an ancient lich
179311 | Zig:24   | Reached skill level 5 in Evocations
179311 | Zig:24   | Noticed a dread lich
179311 | Zig:24   | Noticed an ancient lich
179312 | Zig:24   | Noticed a dread lich
179314 | Zig:24   | Killed an ancient lich
179315 | Zig:24   | Reached skill level 10 in Stealth
179315 | Zig:24   | Noticed a dread lich
179316 | Zig:24   | Killed a dread lich
179318 | Zig:24   | Killed a dread lich
179319 | Zig:24   | Killed a dread lich
179320 | Zig:24   | Killed an ancient lich
179321 | Zig:24   | Killed an ancient lich
179322 | Zig:24   | Noticed an ancient lich
179323 | Zig:24   | Killed a dread lich
179335 | Zig:24   | Killed an ancient lich
179351 | Zig:24   | Identified the amulet of Seiguta {Acrobat Fly rN++ Regen+
                  | Int+2}
179366 | Zig:24   | Identified the ring of Impatience {Wiz Str+2}
179402 | Zig:25   | Identified the of Gojocak
179402 | Zig:25   | Entered Level 25 of a ziggurat
179427 | Zig:25   | Noticed an ancient lich
179428 | Zig:25   | Noticed an ancient lich
179428 | Zig:25   | Noticed an ancient lich
179433 | Zig:25   | Reached skill level 27 in Invocations
179433 | Zig:25   | Killed an ancient lich
179434 | Zig:25   | Killed an ancient lich
179435 | Zig:25   | Killed an ancient lich
179454 | Zig:25   | Found the macabre finger necklace {Finger+ rN+}
179458 | Zig:25   | Identified the +1 pair of gloves of Disappointment {Str+3
                  | Int+3 Slay-4 Stlth+}
179459 | Zig:25   | Identified the ring of Xadd {Fly Str+2}
179480 | Zig:25   | Identified the +7 orcbow "Kehiss" {heavy, *Slow rPois rC+
                  | Str+2}
179525 | Zig:26   | Identified the "Eppelaimn"
179525 | Zig:26   | Identified the of Wuokkyal
179525 | Zig:26   | Entered Level 26 of a ziggurat
179570 | Zig:26   | Reached skill level 15 in Stealth
179574 | Zig:26   | Reached skill level 10 in Evocations
179653 | Zig:26   | Identified the +5 trident of the Squeaky God {vamp, Dex+5}
179658 | Zig:26   | Identified the +0 leather armour of Syraoxal {Contam Str+5}
179697 | Zig:27   | Identified the "Coirih"
179697 | Zig:27   | Identified the "Gudamul"
179697 | Zig:27   | Entered Level 27 of a ziggurat
179708 | Zig:27   | Noticed Wogilim the pandemonium lord
179711 | Zig:27   | Noticed Wejuod the pandemonium lord
179711 | Zig:27   | Noticed Gocan the pandemonium lord
179714 | Zig:27   | Noticed Jerekame the pandemonium lord
179714 | Zig:27   | Noticed Zaxaej the pandemonium lord
179714 | Zig:27   | Noticed Soelymn the pandemonium lord
179717 | Zig:27   | Noticed Jodion the pandemonium lord
179718 | Zig:27   | Killed Wogilim the pandemonium lord
179718 | Zig:27   | Killed Zaxaej the pandemonium lord
179718 | Zig:27   | Noticed Bitioguu the pandemonium lord
179719 | Zig:27   | Killed Soelymn the pandemonium lord
179719 | Zig:27   | Noticed Vaommilyi the pandemonium lord
179721 | Zig:27   | Killed Jerekame the pandemonium lord
179721 | Zig:27   | Noticed Xeokh the pandemonium lord
179721 | Zig:27   | Noticed Sexi the pandemonium lord
179722 | Zig:27   | Killed Jodion the pandemonium lord
179725 | Zig:27   | Noticed Oseuse the pandemonium lord
179729 | Zig:27   | Noticed Nuom the pandemonium lord
179729 | Zig:27   | Noticed Edegg the pandemonium lord
179730 | Zig:27   | Killed Gocan the pandemonium lord
179731 | Zig:27   | Killed Bitioguu the pandemonium lord
179733 | Zig:27   | Killed Oseuse the pandemonium lord
179733 | Zig:27   | Killed Wejuod the pandemonium lord
179733 | Zig:27   | Killed Sexi the pandemonium lord
179733 | Zig:27   | Noticed Wubleah the pandemonium lord
179733 | Zig:27   | Noticed Vonweid the pandemonium lord
179734 | Zig:27   | Killed Vaommilyi the pandemonium lord
179735 | Zig:27   | Killed Wubleah the pandemonium lord
179735 | Zig:27   | Killed Vonweid the pandemonium lord
179736 | Zig:27   | Killed Edegg the pandemonium lord
179740 | Zig:27   | Killed Nuom the pandemonium lord
179743 | Zig:27   | Killed Xeokh the pandemonium lord
179745 | Zig:27   | Noticed Wajo Sueg the pandemonium lord
179746 | Zig:27   | Noticed Giusmet the pandemonium lord
179752 | Zig:27   | Noticed Vufaen the pandemonium lord
179754 | Zig:27   | Killed Wajo Sueg the pandemonium lord
179760 | Zig:27   | Killed Giusmet the pandemonium lord
179772 | Zig:27   | Killed Vufaen the pandemonium lord
179781 | Zig:27   | Noticed Palaomp the pandemonium lord
179795 | Zig:27   | Killed Palaomp the pandemonium lord
179813 | Zig:27   | Found the +8 storm bow {elec, penet}
180357 | Tomb:1   | Noticed a royal mummy
180369 | Tomb:1   | Noticed a royal mummy
180370 | Tomb:1   | Noticed a royal mummy
180371 | Tomb:1   | Killed a royal mummy
180380 | Tomb:1   | Killed a royal mummy
180399 | Tomb:1   | Killed a royal mummy
181496 | Tomb:2   | Noticed a royal mummy
181498 | Tomb:2   | Noticed a royal mummy
181501 | Tomb:2   | Noticed a royal mummy
181503 | Tomb:2   | Noticed a royal mummy
181509 | Tomb:2   | Killed a royal mummy
181510 | Tomb:2   | Killed a royal mummy
181511 | Tomb:2   | Killed a royal mummy
181519 | Tomb:2   | Killed a royal mummy
181812 | Tomb:1   | Noticed a royal mummy
181812 | Tomb:1   | Noticed a royal mummy
181812 | Tomb:1   | Noticed a royal mummy
181812 | Tomb:1   | Noticed a royal mummy
181813 | Tomb:1   | Noticed a royal mummy
181814 | Tomb:1   | Noticed a royal mummy
181817 | Tomb:1   | Killed a royal mummy
181817 | Tomb:1   | Killed a royal mummy
181817 | Tomb:1   | Killed a royal mummy
181817 | Tomb:1   | Killed a royal mummy
181818 | Tomb:1   | Reached skill level 15 in Evocations
181819 | Tomb:1   | Killed a royal mummy
181822 | Tomb:1   | Killed a royal mummy
181822 | Tomb:1   | Noticed a royal mummy
181823 | Tomb:1   | Noticed a royal mummy
181832 | Tomb:1   | Noticed a royal mummy
181833 | Tomb:1   | Killed a royal mummy
181839 | Tomb:1   | Killed a royal mummy
181845 | Tomb:1   | Killed a royal mummy
181846 | Tomb:1   | Noticed a royal mummy
181852 | Tomb:1   | Killed a royal mummy
181869 | Tomb:1   | Noticed a royal mummy
181878 | Tomb:1   | Noticed a royal mummy
181879 | Tomb:1   | Killed a royal mummy
181889 | Tomb:1   | Killed a royal mummy
182055 | Tomb:1   | Noticed a royal mummy
182064 | Tomb:1   | Killed a royal mummy
182099 | Tomb:1   | Noticed a royal mummy
182107 | Tomb:1   | Noticed a royal mummy
182111 | Tomb:1   | Killed a royal mummy
182120 | Tomb:1   | Killed a royal mummy
182278 | Tomb:3   | Entered Level 3 of the Tomb of the Ancients
182290 | Tomb:3   | Noticed a royal mummy
182291 | Tomb:3   | Noticed a royal mummy
182302 | Tomb:3   | Killed a royal mummy
182303 | Tomb:3   | Noticed a royal mummy
182304 | Tomb:3   | Killed a royal mummy
182304 | Tomb:3   | Noticed a royal mummy
182312 | Tomb:3   | Killed a royal mummy
182312 | Tomb:3   | Killed a royal mummy
182313 | Tomb:3   | Noticed a royal mummy
182317 | Tomb:3   | Noticed a royal mummy
182324 | Tomb:3   | Noticed Khufu
182325 | Tomb:3   | Killed a royal mummy
182327 | Tomb:3   | Noticed a royal mummy
182333 | Tomb:3   | Killed a royal mummy
182333 | Tomb:3   | Noticed a royal mummy
182335 | Tomb:3   | Killed Khufu
182338 | Tomb:3   | Killed a royal mummy
182351 | Tomb:3   | Killed a royal mummy
182367 | Tomb:3   | Found the +5 Storm Queen's Shield {shock, Fly rElec}
182370 | Tomb:3   | Found the +8 arc blade {discharge, rElec}
182400 | Tomb:3   | Identified the +5 halberd of Ignis's Outrage {speed,
                  | Fragile Fly rElec Stlth+}
182461 | Tomb:3   | Identified the staff "Egyuwiaru" {rPois rN+ Will- Int+3
                  | Poison}
182497 | Tomb:3   | Identified the +0 chain mail of Defirothyn {rF+++ rN+ Will-
                  | Str+3}
182508 | Tomb:3   | Identified the +6 morningstar of the Gazing Owl {venom, Fly
                  | rElec rN+ Dex-5}
182589 | Tomb:3   | Got a golden rune of Zot
182649 | Tomb:3   | Identified the +0 chain mail of the Depths {Rampage rC+
                  | Will+}
183608 | Zot:5    | Noticed a dread lich
183615 | Zot:5    | Noticed an ancient lich
183620 | Zot:5    | Killed a dread lich
183621 | Zot:5    | Reached skill level 27 in Stealth
183629 | Zot:5    | Noticed a dread lich
183634 | Zot:5    | Killed an ancient lich
183645 | Zot:5    | Killed a dread lich
183783 | Zot:5    | Noticed an orb of fire
183796 | Zot:5    | Killed an orb of fire
183884 | Zot:5    | Noticed an orb of fire
183901 | Zot:5    | Killed an orb of fire
184013 | Zot:5    | Got the Orb of Zot
184030 | Zot:5    | Noticed a dread lich
184201 | Depths:2 | Noticed a seraph
184214 | Depths:2 | Killed a seraph
184605 | D:1      | Noticed Raluv the pandemonium lord
184620 | D:1      | Killed Raluv the pandemonium lord
184642 | D:$      | Escaped with the Orb!

Illustrated notes

...####
▓▓...#####........
▓▓)...#####........
▓......###.........
▓...))).)..........
▓.....)).).........
▓|.).))))..........
▓▓.∩|))).)))).......
▓.)z|[)))[))..).....
▓▓=∩)|))))...)......
▓..[.))))(..)......
▓...)))))..........
▓....).............
▓.....)###.........
▓▓....#####........
▓▓...#####........
...####


Turn 178562 on Zig:18: go for gold

Levels and vault maps discovered:
D:1:      dpeg_arrival_arbitrary_b, layout_loops_corners,
          hellmonk_ecumenical_altar_leap_of_faith, kennysheep_pointless_box
D:2:      layout_rooms, nrook_uturn, minmay_misc_feat_tiny, chequers_garden,
          uniq_terence, uniq_jessica
D:3:      minmay_angry_zag, layout_rooms, elyvilon_altar_1,
          grunt_decor_one_mirror, hangedman_abyss_or_decor_stabs,
          lemuel_flame_loot_1
D:4:      layout_basic, mainiacjoe_overflow_small_starburst,
          gammafunk_temple_overflow_pools, uniq_eustachio, uniq_ijyb
D:5:      layout_layer_cave, gammafunk_temple_overflow_statue,
          grunt_ministairs_9, minivault_24
D:6:      layout_basic, minmay_temple_entry_waves
D:7:      layout_loops_ring, mainiacjoe_overflow_concentric_impassable,
          grunt_gozag_breadcrumbs, serial_shops, shop, nicolae_stop_n_shop_2,
          kennysheep_little_box, nicolae_shop_gadgets, uniq_jeremiah,
          uniq_crazy_yiuf_cottage
D:8:      layout_rooms, special_room [special_room_orc], uniq_maggie
D:9:      layout_cave_pods, tso_metal_star, david_lair_generic,
          minmay_orc_entry_temple_small
D:10:     layout_loops_ring
D:11:     minmay_gate_of_8, layout_cave_pools, special_room [special_room_orc]
D:12:     layout_cross, kennysheep_orc_sif_temple
D:13:     layout_cave_pools, serial_shops, nicolae_shop_hallway_stairs,
          lemuel_freeze_loot_1
D:14:     layout_rooms, skrybe_vaults_entry_preservation,
          chequers_serial_rivers_micro_e
D:15:     grunt_enter_depths_hoard, layout_loops_ring, special_room
          [special_room_orc], minmay_misc_feat_diagonals
Temple:   nicolae_temple_bog_church
Lair:1:   layout_regular_city, ebering_ghost_disaster_area
Lair:2:   regret_index_tunnel_blossom, layout_chaotic_city, shoals_dummy_entry,
          ebering_ghost_inner_flame, lemuel_fruit_tree
Lair:3:   cheibrodos_lair_overgrown_chateau, layout_layer_cave,
          dummy_snake_entry, uniq_nessos, uniq_urug
Lair:4:   layout_misc_corridors, portal_ice_cave_entry_imps, lemuel_fruit_fields
Lair:5:   grunt_lair_end_beastmaster, layout_misc_corridors, slime_entry_1,
          basic_altar, small_statue_intersection, dpeg_oklob_1,
          serial_bayou_shore_a
Shoals:1: layout_shoals, wheals_shoals_ruined_temple, uniq_roxanne
Shoals:2: layout_shoals, nicolae_shop_firing_range
Shoals:3: nicolae_shoals_aurelia_aurita, layout_shoals
Shoals:4: shoals_end_grunt_ice, layout_shoals, shoals_ilsuiw_ice,
          uniq_polyphemus, uniq_donald
Snake:1:  layout_honeycomb, st_stairs_1, uniq_josephine
Snake:2:  layout_onion, abandoned_shop, uniq_vashnia, uniq_mlioglotl
Snake:3:  layout_grid_maze, serial_shops, shop, gammafunk_ghost_cemetery,
          nicolae_snake_omega
Snake:4:  grunt_snake_rune_pools, layout_cave_town, serial_shops,
          nicolae_shop_real_fake_doors, uniq_bai_suzhen, uniq_agnes
Slime:1:  nicolae_slime_infinislime, layout_caves
Slime:2:  layout_caves, basic_altar, nicolae_slime_welcoming_committee
Slime:3:  layout_caves
Slime:4:  layout_caves, cheibrodos_slime_lost_civilization_4
Slime:5:  slime_pit_nicolae_inversion
Orc:1:    layout_diamond_mine
Orc:2:    grunt_orc_community_town_hall, layout_caves,
          grunt_orc_community_big_house_2, grunt_orc_community_big_house_1,
          grunt_orc_community_house_3, grunt_orc_community_house_1,
          grunt_orc_community_house_1, grunt_orc_community_house_1,
          serial_shops, nicolae_shop_behind_doors, nicolae_orc_pool_cavern
Elf:1:    layout_geoelf_grid, hangedman_elf_disciples, grunt_megastairs_2
Elf:2:    nicolae_elf_blades_splatter_lattice
          [nicolae_blade_entry_diamond_columns], layout_geoelf_diagonals,
          drop_trap
Elf:3:    minmay_elf_hall_circle, layout_loops_corners, serial_shops, shop,
          hangedman_glass_teeth, st_stairs_2, nicolae_elf_free_trip_to_the_abyss
Vaults:1: nicolae_vaults_network_periphery,
          nicolae_vaults_shipping_containers_7, nicolae_vaults_spaceships,
          ontoclasm_vaults_misaligned, hangedman_vaults_hat, v_misc_10,
          nicolae_vaults_trapezoid_lopsided_2, v_misc_10, v_misc_28,
          ontoclasm_vaults_pinch, vaults_dpeg_encased_lava,
          nicolae_vaults_tetromino_Z_1, nicolae_vaults_trapezoid_1, v_misc_17,
          nicolae_vaults_gold_heap, layout_vaults_maze_bifur
Vaults:2: portal_desolation_entry_ruin, vaults_room_door_hall,
          nicolae_vaults_arrows, ontoclasm_vaults_tryst,
          nicolae_vaults_little_ls, nicolae_vaults_heart-shaped_vault,
          nicolae_vaults_angled_halls, grunt_vaults_hallway_short,
          layout_vaults_chaotic_city
Vaults:3: nicolae_vaults_network_star, vaults_mumra_bighexcomb,
          blue_anna_dwarven_crypt, ontoclasm_vaults_claustrophobia, v_pattern_3,
          v_misc_30, vaults_room_grid, serial_ice_b, layout_vaults_quadrants
Vaults:4: ontoclasm_vaults_ligature, ontoclasm_vaults_gallery,
          nicolae_vaults_twisting_passages, nicolae_vaults_alarming,
          nicolae_vaults_heart-shaped_vault, nicolae_vaults_diamond_2,
          nicolae_vaults_three_branches, hangedman_vaults_stretched_pinwheel,
          nicolae_vaults_network_s, nicolae_vaults_network_square,
          nicolae_vaults_circle_grid_a, ontoclasm_vaults_misaligned, v_misc_8,
          nicolae_vaults_rhombus_7, nicolae_vaults_little_squares_2,
          nicolae_vaults_specimen_jars, layout_vaults_omnicross, serial_shops,
          shop
Vaults:5: serial_shops
Crypt:1:  layout_regular_city, serial_sigils, serial_sigils_hangedman_gut,
          serial_sigils_hangedman_shear, serial_sigils_hangedman_scratch,
          serial_sigils_hangedman_writhe, serial_sigils_hangedman_confine,
          serial_sigils_hangedman_clutch
Crypt:2:  layout_gridlike
Crypt:3:  church_of_pain_bobbens, layout_chaotic_city
Tomb:1
Tomb:2
Tomb:3
Depths:1: layout_basic, hell_entry, nicolae_hitomezashi [nicolae_hito_row,
          nicolae_hito_row, nicolae_hito_row, nicolae_hito_row,
          nicolae_hito_row, nicolae_hito_row, nicolae_hito_row,
          nicolae_hito_row, nicolae_hito_row, nicolae_hito_row,
          nicolae_hito_row, nicolae_hito_row, nicolae_hito_row,
          nicolae_hito_row, nicolae_hito_row, nicolae_hito_row,
          nicolae_hito_row, nicolae_hito_row], chequers_serial_rivers_room_a,
          minmay_shop_star, uniq_sojobo
Depths:2: minmay_tri_stars, layout_cave_shapes, enter_ziggurat_d,
          rand_demon_pan_entry_7, abyss_entry, nicolae_trove_entry_isolated,
          pf_hell_entry_tar_spiral, minivault_12,
          infiniplex_staircase_pillars_1, firewood_loft, serial_bayou_shore_b,
          minmay_shop_grove, uniq_nikola
Depths:3: nicolae_cairo_tiling, layout_cave_pools, hell_entry, serial_shops,
          nicolae_shop_mannequins, minmay_holes, minmay_room_of_horrors,
          rand_demon_pan_entry_5, nicolae_kite_square_tiling_tiny,
          nicolae_zig_zag_zippers, serial_bayou_shore_b,
          minmay_staircase_statues
Depths:4: grunt_zot_entry_pinwheel, layout_gridville, hell_entry,
          grunt_decor_mini_mirrors, nicolae_abyss_entry_one_way_or_another
Hell
Dis:1:    layout_overlapping_boxes
Dis:2:    layout_gridville, nicolae_dis_big_boring_drill
Dis:3:    layout_regular_city
Dis:4:    layout_regular_city, nicolae_dis_having_a_grate_time
Dis:5:    layout_gridville
Dis:6:    layout_subdivisions
Dis:7:    dis_hangedman
Geh:1:    layout_gehenna_pools_basic
Geh:2:    layout_gehenna_lava_caves
Geh:3:    layout_gehenna_pools_box
Geh:4:    layout_gehenna_lava_caves
Geh:5:    nicolae_geh_split_lavaduct, layout_gehenna_pools_basic,
          lemuel_flamethrower_2
Geh:6:    layout_gehenna_lava_caves
Geh:7:    geh_mu
Coc:1:    layout_ice_bergs
Coc:2:    layout_ice_bergs
Coc:3:    layout_cocytus_water_paths
Coc:4:    layout_cocytus_delve
Coc:5:    layout_ice_bergs
Coc:6:    layout_cocytus_water_paths
Coc:7:    coc_grunt
Tar:1:    layout_cathedral_of_symmetry, nicolae_hells_hurtin_island
Tar:2:    layout_grid_maze
Tar:3:    layout_cathedral_of_symmetry
Tar:4:    hangedman_tartarus_temple_path, layout_cathedral_of_symmetry
Tar:5:    layout_grid_maze, nicolae_tar_cuneiform_two
Tar:6:    layout_cathedral_of_symmetry
Tar:7:    tar_minmay_river
Zot:1:    layout_onion_interference, gammafunk_ghost_mausoleum
Zot:2:    layout_misc_corridors, gammafunk_ghost_split, grunt_ministairs_10
Zot:3:    layout_misc_corridors
Zot:4:    infiniplex_zot_generator, layout_misc_corridors
Zot:5:    layout_misc_corridors, st_stairs_7

Skill      XL: |  1  2  3  4  5  6  7  8  9 10 11 12 13 14 15 16 17 18 19 20 21 22 23 24 25 26 27 |
---------------+----------------------------------------------------------------------------------+-----
Axes           | 3 4 5 6 7 8 9 11 13 16 18 | 18.0
Dodging        | 2 3 4 5 6 7 11 12 13 14 27 | 27.0
Fighting       | 4 5 7 8 10 12 14 15 16 17 27 | 27.0
Invocations    | 2 4 5 6 7 8 9 10 11 12 27 | 27.0
Armour         | 2 3 7 8 9 10 11 12 13 14 15 16 18 21 27 | 27.0
Shields        | 4 6 8 9 10 11 13 14 16 17 19 20 21 27 | 27.0
Shapeshifting  | 1 3 5 6 7 8 9 10 16 27 | 27.0
Fire Magic     | 27 | 27.0
Spellcasting   | 27 | 27.0
Ice Magic      | 27 | 27.0
Evocations     | 21 | 21.0
Stealth        | 27 | 27.0

Action                     |  1- 3 |  4- 6 |  7- 9 | 10-12 | 13-15 | 16-18 | 19-21 | 22-24 | 25-27 || total
---------------------------+-------+-------+-------+-------+-------+-------+-------+-------+-------++-------
  Melee: Hand axe          |    47 |   104 |    65 |       |       |       |       |       |       ||   216
         Punch             |     1 |       |     2 |       |       |       |       |       |       ||     3
         War axe           |       |       |   269 |   922 |   950 |       |       |       |       ||  2141
         Constrict         |       |       |       |       |   195 |   337 |   256 |   202 |  3252 ||  4242
         Mace              |       |       |       |       |    53 |       |       |       |       ||    53
         Broad axe         |       |       |       |       |   131 |  1594 |  1099 |  1149 | 17896 || 21869
         Headbutt          |       |       |       |       |       |       |       |       |  6510 ||  6510
  Throw: Dart              |       |       |    11 |    15 |    15 |     4 |     3 |       |     1 ||    49
         Javelin           |       |       |     2 |       |       |       |       |       |       ||     2
   Cast: Ignition          |       |       |       |       |       |       |       |       |   224 ||   224
         Polar Vortex      |       |       |       |       |       |       |       |       |    67 ||    67
 Invoke: Heroism           |       |       |     1 |     8 |     8 |    10 |     6 |     6 |       ||    39
         Finesse           |       |       |       |     2 |     3 |     4 |     1 |     2 |       ||    12
         Receive Weapon    |       |       |       |       |       |     1 |       |       |       ||     1
         Receive Armour    |       |       |       |       |       |     1 |       |       |       ||     1
         Greater Servant o |       |       |       |       |       |       |       |       |    98 ||    98
         Lesser Servant of |       |       |       |       |       |       |       |       |    65 ||    65
         Major Destruction |       |       |       |       |       |       |       |       |     6 ||     6
         Minor Destruction |       |       |       |       |       |       |       |       |     3 ||     3
Ability: Spit Poison       |       |     6 |     7 |     6 |     2 |       |       |       |       ||    21
         Siphon Essence    |       |       |       |       |       |       |       |       |     2 ||     2
  Evoke: Wand              |       |    10 |     5 |     8 |    21 |       |       |       |    20 ||    64
         Figurine of a zig |       |       |       |       |       |       |       |       |     1 ||     1
    Use: Potion            |       |     3 |     3 |     5 |     5 |     5 |     3 |     1 |    20 ||    45
         Scroll            |       |       |       |    12 |    17 |    17 |     6 |    12 |    45 ||   109
   Stab: Sleeping          |     7 |     5 |    12 |     3 |       |       |       |       |       ||    27
         Distracted        |       |       |       |     1 |     1 |       |       |       |    89 ||    91
         Invisible         |       |       |       |       |       |     1 |       |       |     1 ||     2
         Petrified         |       |       |       |       |       |     7 |       |       |     1 ||     8
         Petrifying        |       |       |       |       |       |       |       |       |     3 ||     3
         Paralysed         |       |       |       |       |       |       |       |       |     2 ||     2
         Confused          |       |       |       |       |       |       |       |       |     1 ||     1
 Armour: Leather armour    |    26 |     6 |       |       |       |       |       |       |       ||    32
         Ring mail         |       |   111 |   159 |   354 |       |       |       |       |       ||   624
         Scale mail        |       |       |   201 |   118 |       |       |       |       |       ||   319
         Chain mail        |       |       |       |   314 |  1207 |   885 |       |       |       ||  2406
         Gold dragon scale |       |       |       |       |       |   510 |   924 |   545 |  5836 ||  7815
         Skin              |       |       |       |       |       |       |       |       |   255 ||   255
  Dodge: Dodged            |    28 |    68 |   167 |   386 |   424 |   383 |   142 |    87 |  2681 ||  4366
  Block: Buckler           |       |       |    26 |   301 |   372 |   361 |       |       |       ||  1060
         Kite shield       |       |       |       |       |       |   556 |   858 |   750 |   391 ||  2555
         Reflection        |       |       |       |       |       |    28 |    85 |   100 |   573 ||   786
         Tower shield      |       |       |       |       |       |       |       |   387 | 17159 || 17546
   Form: Statue            |       |       |       |       |       |       |       |       |     6 ||     6
         Death             |       |       |       |       |       |       |       |       |    13 ||    13
                           |       |       |       |       |       |       |       |       |     7 ||     7

Table legend: (Time is in decaauts)
 A = Elapsed time spent in this place.
 B = Non-inter-level travel time spent in this place.
 C = Inter-level travel time spent in this place.
 D = Time resting spent in this place.
 E = Time spent auto-exploring this place.
 F = Levels seen in this place.
 G = Mean time per level.
                   A        B        C        D        E       F      G
               +--------+--------+--------+--------+--------+-----+--------+
         Total | 201122 | 181945 |  19177 |  35590 |  95064 | 275 |  731.4 |
       Dungeon |  33295 |  26759 |   6536 |   8991 |  12515 |  15 | 2219.7 |
        Temple |     68 |      3 |     65 |      0 |      0 |   1 |   68.0 |
          Lair |  13201 |  11172 |   2029 |   3977 |   5195 |   5 | 2640.2 |
        Shoals |   6319 |   5898 |    421 |   1635 |   3133 |   4 | 1579.8 |
     Snake Pit |   9643 |   8668 |    975 |   2972 |   4186 |   4 | 2410.8 |
    Slime Pits |   5505 |   4952 |    553 |    689 |   3096 |   5 | 1101.0 |
  Orcish Mines |   2783 |   2385 |    398 |    271 |   1681 |   2 | 1391.5 |
   Elven Halls |  10030 |   9455 |    575 |   3617 |   4629 |   3 | 3343.3 |
        Vaults |  20028 |  16945 |   3083 |   2727 |  12658 |   5 | 4005.6 |
         Crypt |   9579 |   9107 |    472 |   1289 |   6881 |   3 | 3193.0 |
          Tomb |   4146 |   3400 |    746 |   1027 |   1076 |   3 | 1382.0 |
        Depths |  12308 |  10877 |   1431 |   2669 |   6380 |   4 | 3077.0 |
          Hell |    827 |    603 |    224 |      3 |    376 |   1 |  827.0 |
           Dis |   3885 |   3680 |    205 |    697 |   1320 |   7 |  555.0 |
       Gehenna |   3598 |   3307 |    291 |    109 |   2064 |   7 |  514.0 |
       Cocytus |   2982 |   2833 |    149 |    243 |   1376 |   7 |  426.0 |
      Tartarus |   4209 |   3880 |    329 |    315 |   2410 |   7 |  601.3 |
           Zot |   5303 |   4616 |    687 |    617 |   2705 |   5 | 1060.6 |
         Abyss |  26185 |  26185 |      0 |    100 |  10056 | 140 |  187.0 |
   Pandemonium |  20205 |  20205 |      0 |    938 |  12796 |  18 | 1122.5 |
      Ziggurat |   3023 |   3023 |      0 |    634 |      0 |  27 |  112.0 |
      Ice Cave |   1955 |   1955 |      0 |   1258 |    117 |   1 | 1955.0 |
    Desolation |   2034 |   2034 |      0 |    806 |    407 |   1 | 2034.0 |
               +--------+--------+--------+--------+--------+-----+--------+

Top non-repeatable levels by time:
 Abyss:4: 12079 daAuts
 Abyss:1: 7599 daAuts
   Elf:3: 5581 daAuts
Vaults:4: 5343 daAuts
 Crypt:3: 5095 daAuts
Vaults:3: 4377 daAuts
Vaults:1: 4203 daAuts
Depths:2: 3840 daAuts
  Lair:2: 3608 daAuts
Depths:4: 3551 daAuts
 Abyss:3: 3424 daAuts
     D:9: 3364 daAuts
     D:5: 3212 daAuts
 Snake:4: 3120 daAuts
    D:14: 3089 daAuts
